 Dungeon Crawl Stone Soup version 0.31-a0-162-gc4c5a43528 (webtiles) character file.

Game seed: 3055348800319110431

367771 qw the Impregnable (level 22, -23/151 (155) HPs)
             Began as a Gargoyle Fighter on June 12, 2023.
             Was a High Priest of Okawaru.
             Annihilated by a golden dragon (33 damage)
             ... while paralysed by a dread lich
             ... on level 5 of the Vaults.
             The game lasted 00:31:04 (42048 turns).

qw the Impregnable (Gargoyle Fighter)              Turns: 42048, Time: 00:31:04

HP:   -23/151 (155) AC: 77    Str: 36      XL:     22   Next: 92%
MP:   25/29         EV: -1    Int:  9 (10) God:    Okawaru [*****.]
Gold: 724           SH:  0    Dex:  9      Spells: 21/21 levels left

rFire   . . .        I - +3 war axe (vamp)
rCold   . . .        E - +1 tower shield {AC+3}
rNeg    + . .        l - +14 crystal plate armour of the Dolphin {Stlth+}
rPois   inf          i - +2 helmet
rElec   +            m - +2 cloak
rCorr   .            y - +2 pair of gloves {Stlth+}
SInv    .            A - +2 pair of boots {Fly}
Will    +....        c - amulet of the acrobat
Stlth   x              - +6 ring of strength
HPRegen 0.45/turn    z - +4 ring of slaying {mikee}
MPRegen 0.21/turn

%: acrobat
@: paralysed, finesse-ful, marked, flying, constricted, lightly drained
A: sickness immunity, AC +16, big wings, negative energy resistance 1,
electricity resistance, torment resistance 1, petrification resistance, mutation
resistance 1
}: 1/15 runes: serpentine
a: Renounce Religion, Heroism, Finesse, Duel


You were on level 5 of the Vaults.
You worshipped Okawaru.
Okawaru was extremely pleased with you.
You visited 6 branches of the dungeon, and saw 34 of its levels.
You visited the Abyss 1 time.
You also visited: Sewer and Desolation.

You collected 3989 gold pieces.
You spent 3265 gold pieces at shops.


Innate Abilities, Weirdness & Mutations

You are immune to sickness and miasma.
Your stone body is resilient. (AC +16)
You are immune to poison.
Your large and strong wings let you fly.
You resist negative energy. (rN+)
You are resistant to electric shocks. (rElec)
You are resistant to unholy torment.
You are immune to petrification.
You are somewhat resistant to further mutation.


   Skills:
 - Level 21.0 Fighting
 - Level 16.0 Axes
 - Level 10.1 Throwing
 - Level 22.0 Armour
 + Level 5.9 Dodging
 - Level 21.0 Shields
 - Level 10.1 Invocations


You had 21 spell levels left.
You didn't know any spells.
Your spell library was empty.

Inventory:

Hand Weapons
 v - a +1 vampiric war axe
 G - a +4 broad axe of freezing
 I - a +3 vampiric war axe (weapon)
Missiles
 o - 5 silver boomerangs
 q - 4 javelins (quivered)
 t - 33 boomerangs
Armour
 i - a +2 helmet (worn)
 l - the +14 crystal plate armour of the Dolphin (worn) {Stlth+}
   (You found it on level 3 of the Dungeon)

   Stlth:     It makes you more stealthy.
 m - a +2 cloak (worn)
 y - a +2 pair of gloves of stealth (worn)
 A - a +2 pair of boots of flying (worn)
 E - a +1 tower shield of protection (worn)
 F - the +0 pair of gloves of the First Snow {-Tele rCorr Slay+2}
   (You found it on level 4 of the Vaults)

   Slay:      It affects your accuracy & damage with ranged weapons and melee
   (+2).
   -Tele:     It prevents most forms of teleportation.
   rCorr:     It protects you from acid and corrosion.
Jewellery
 b - a ring of fire
 c - an amulet of the acrobat (around neck)
 f - the ring of Guolueh {rPois rN+ rCorr Int-4}
   (You acquired it on level 2 of the Shoals)

   [ring of resist corrosion]

   Int:       It affects your intelligence (-4).
   rPois:     It protects you from poison.
   rN:        It protects you from negative energy.
   rCorr:     It protects you from acid and corrosion.
 w - a ring of fire
 x - a +6 ring of strength (left hand)
 z - a +4 ring of slaying (right hand) {mikee}
 D - a ring of ice
 H - an amulet of guardian spirit
 J - a ring of resist corrosion
Wands
 u - a wand of digging (11)
Scrolls
 a - 13 scrolls of identify
 j - 21 scrolls of teleportation
 B - 4 scrolls of enchant armour
Potions
 d - 5 potions of might
 e - 7 potions of heal wounds
 g - 5 potions of attraction
 h - 6 potions of lignification
 k - 4 potions of mutation
 n - 3 potions of resistance
 p - 2 potions of magic
 r - 13 potions of curing
 s - 5 potions of cancellation
 C - 4 potions of haste

Dungeon Overview and Level Annotations

Branches:
Dungeon (15/15)            Temple (0/1) D:4            Lair (5/5) D:10
 Shoals (3/4) Lair:3        Snake (4/4) Lair:3        Slime (0/5) Lair:4
    Orc (2/2) D:10            Elf (0/3) Orc:2        Vaults (5/5) D:13
  Crypt (0/3) Vaults:2     Depths (0/4) D:15          Sewer (visited)
Desolation (visited)

Altars:
Ashenzari
Dithmenos
Fedhas
Makhleb
Okawaru
Sif Muna
Trog
Wu Jian
Xom

Shops:
D:4 *   D:11 *   D:12 [   D:14 [   Orc:2 ([**   Shoals:1 !   Snake:2 !
Snake:3 [   Snake:4 =?   Vaults:2 ([

Annotations:
D:7 exclusion: orc
Vaults:2 36 runed doors
Vaults:4 8 runed translucent doors, qw's ghost, adept GrFi


Message History

The tengu reaver claws you but does no damage.
The ghostly frost giant hits you but does no damage.
The vault warden hits you with a +0 battleaxe!
The vault warden hits you but does no damage.
The golden dragon bites you but does no damage.
The golden dragon claws you but does no damage.
The golden dragon tramples you but does no damage.
The deep elf death mage beckons forth a restless soul!
The golden dragon bites you!! The golden dragon claws you!
The golden dragon tramples you but does no damage.
The tentacled monstrosity completely misses you.
The tentacled monstrosity tentacle-slaps you but does no damage. x2
The tentacled monstrosity constricts you.
The tengu reaver is empowered by the deep elf high priest's aura!
Something touches you but does no damage.
The two-headed ogre changes into a deep troll!
The Brimstone Fiend calls on the powers of darkness!
The iron troll convulses!
The shadow dragon convulses!
The vault warden convulses!
The deep troll shaman convulses!
The ettin convulses!
The vault warden convulses!
The tengu reaver convulses!
The deep troll earth mage convulses!
The ironbound convoker convulses!
Your body is wracked with pain!
The golden dragon convulses! x2
The cyan very ugly thing convulses!
The deep elf death mage convulses!
The vault warden convulses!
The yaktaur captain convulses!
The ettin convulses!
The yaktaur captain convulses! x2; The storm dragon convulses!
The stone giant convulses!
The yaktaur captain convulses!
The vault guard convulses!
The deep elf high priest convulses!
The storm dragon convulses!
The ironbound convoker convulses!
The sea snake convulses!
The vault sentinel convulses!
The ironbound convoker convulses!
The stone giant convulses!
The deep troll convulses!
Something touches you but does no damage.
The tengu reaver hits you with a +0 dire flail of protection!
The tengu reaver pecks you but does no damage.
The tengu reaver claws you but does no damage.
The ghostly frost giant hits you but does no damage.
The vault warden hits you but does no damage.
The ironbound convoker points at the lost soul and mumbles some strange words.
The golden dragon bites you!!
You die...

..#...(#
#.#....# #..
##.#....##...
##..#....#...#
.T)..W.....#
#####C.SDppp.###
......cDccCp*...
.....eXXCpc.....
.....CuD@DXe*...
.).....Qp{T.....
#####..pDp2T*###
.....12.TC.#
.....#....#..#
##...#.)..###Te
#...#....# . #..
#....#


You could see a shadow dragon, 3 tentacled monstrosities, 2 golden dragons, 2
storm dragons, a ghostly frost giant (empowered), a cyan very ugly thing, a
Brimstone Fiend (summoned), an iron troll (summoned), 2 stone giants, 3 vault
wardens, a tengu reaver (empowered), 4 yaktaur captains, a vault guard (strong),
a deep elf death mage (empowered), 2 ettins, a blizzard demon (summoned,
strong), a sea snake shaped shifter, a deep troll (summoned), a deep troll
shaped shifter, a shadow demon (summoned), a vault sentinel (strong, empowered),
2 deep elf high priests, a phantasmal warrior (strong), 3 ironbound convokers, a
deep troll earth mage (summoned, fast, empowered), a deep troll shaman
(summoned) and 3 lost souls.

Vanquished Creatures
  Margery (Vaults:2)
  Boris (Vaults:3)
  Saint Roka (Orc:2)
  3 golden dragons (Vaults:5)
  Jory (Vaults:2)
  A lich (Vaults:5)
  A titan (Vaults:5)
  3 tentacled starspawn (Abyss:2)
  A sphinx (Vaults:3)
  Kirke (D:14)
  6 tengu reavers
  A rockslime (shapeshifter) (D:15)
  3 nagarajas
  A fire giant (D:15)
  Aizul (Shoals:2)
  2 frost giants
  14 vault wardens
  2 war gargoyles (Vaults:3)
  3 orc warlords
  13 ironbound preservers
  7 very ugly things
  A draconian annihilator (Abyss:2)
  3 formless jellyfish
  3 stone giants
  8 ironbound thunderhulks
  2 deep elf demonologists
  A purple draconian (Abyss:2)
  A halazid warlock (Desolation)
  3 crystal guardians
  Snorg (D:12)
  A fire dragon (D:15)
  A merfolk impaler (Shoals:2)
  2 ettins
  16 ragged hierophants (Desolation)
  An entropy weaver (shapeshifter) (Abyss:2)
  3 deep elf high priests
  7 hydras
  12 yaktaur captains
  8 great orbs of eyes
  3 entropy weavers
  33 vault guards
  Erolcha (D:10)
  Harold (Lair:1)
  3 catoblepae (Lair:5)
  15 servants of whispers (Desolation)
  12 peacekeepers
  3 salamander tyrants
  An ice dragon (D:11)
  6 ogre magi
  12 centaur warriors
  8 ironbound frosthearts
  Erica (Lair:1)
  An alligator snapping turtle (Shoals:3)
  6 boulder beetles
  16 two-headed ogres
  4 merfolk avatars
  3 merfolk aquamancers
  An alligator (shapeshifter) (D:15)
  2 death knights (Vaults:2)
  2 tengu warriors (D:15)
  8 death yaks (Lair:5)
  A satyr (Shoals:3)
  11 anacondas
  18 naga warriors
  A deep troll earth mage (Vaults:5)
  8 shock serpents
  24 naga sharpshooters
  A wretched star (Abyss:2)
  10 hell knights
  Urug (D:13)
  5 skysharks
  Nergalle (D:12)
  Amaemon (D:8)
  A deep elf knight (Vaults:3)
  A glowing orange brain (D:15)
  4 salamander mystics
  26 deep trolls
  A deep elf archer (Vaults:3)
  8 sea snakes
  9 large abominations (Abyss:2)
  3 necromancers
  5 naga ritualists
  5 wizards
  20 ironbound convokers
  10 orc knights
  11 lindwurms
  6 mana vipers
  22 harpies
  2 orc sorcerers
  4 deep elf zephyrmancers
  28 ugly things
  2 wolf spiders (D:15)
  6 deep elf pyromancers
  7 cyclopes
  16 manticores
  A will-o-the-wisp (Abyss:2)
  26 salamanders
  9 fauns (Shoals:1)
  14 elephants
  A worldbinder (Abyss:2)
  2 water nymphs
  A water nymph (shapeshifter) (Vaults:5)
  2 ice statues
  7 merfolk sirens
  17 naga magi
  2 molten gargoyles (Desolation)
  Joseph (D:7)
  11 slime creatures
  33 black mambas
  11 vault sentinels
  A torpor snail (Lair:5)
  An orange demon (D:8)
  A gargoyle (D:14)
  9 cane toads
  4 unseen horrors
  15 guardian serpents
  A yaktaur (shapeshifter) (D:15)
  4 freezing wraiths
  4 rime drakes
  13 komodo dragons
  33 yaktaurs
  A tengu conjurer (D:15)
  2 efreet
  An ice devil (Lair:3)
  12 merfolk
  A meliai (D:15)
  3 polar bears
  2 tarantellas
  13 trolls
  A wind drake (shapeshifter) (Vaults:5)
  7 hornets
  6 raiju (Abyss:2)
  5 snapping turtles
  16 dream sheep
  84 saltlings (Desolation)
  A culicivora (shapeshifter) (Vaults:5)
  3 water elementals
  5 wraiths
  8 small abominations (Abyss:2)
  12 spriggans (Lair:3)
  An air elemental (Abyss:2)
  6 wyverns
  A steam dragon (D:8)
  52 yaks
  2 hogs (D:14)
  2 golden eyes (Abyss:2)
  7 basilisks
  2 humans (D:14)
  2 neqoxecs (Abyss:2)
  2 chaos spawn (Abyss:2)
  5 redbacks
  11 vampire mosquitoes
  Menkaure (D:5)
  A two-headed ogre zombie (D:10)
  4 wargs
  52 nagas
  12 water moccasins
  A meliai simulacrum (D:15)
  15 orc warriors
  22 ice beasts
  2 black bears
  8 boggarts
  A sky beast (D:7)
  24 ogres
  27 wolves
  10 starcursed masses (Abyss:2)
  10 centaurs
  A phantom (D:10)
  4 kobold brigands
  12 bullfrogs
  2 scorpions
  10 wights
  2 troll zombies (D:10)
  19 killer bees
  3 howler monkeys
  9 electric eels
  3 lava snakes (Lair:3)
  A quasit (Abyss:2)
  5 hounds
  8 orc priests
  3 jellies
  2 gnoll boudas
  5 iguanas
  16 orc wizards
  6 hell rats
  5 ogre zombies (D:10)
  Robin (D:3)
  9 adders
  14 gnolls
  4 river rats
  A shadow imp (D:7)
  6 white imps
  A worm (D:2)
  A dart slug (D:1)
  69 orcs
  3 endoplasms
  6 giant cockroaches
  14 goblins
  A hobgoblin (D:1)
  7 jackals
  A quokka (D:1)
  14 ball pythons
  2 bats
  6 frilled lizards
  A goblin skeleton (D:10)
  2 goblin zombies (D:10)
  A hobgoblin skeleton (D:10)
  A hobgoblin zombie (D:10)
  21 kobolds
  4 orc skeletons (D:10)
  16 orc zombies (D:10)
  17 rats
  A butterfly (Lair:1)
  4 starspawn tentacles (Abyss:2)
1596 creatures vanquished.

Vanquished Creatures (others)
  A guardian serpent (Snake:4)
  A molten gargoyle (Desolation)
  A saltling (Desolation)
  5 starspawn tentacles (Abyss:2)
8 creatures vanquished.

Grand Total: 1604 creatures vanquished

Notes
Turn   | Place    | Note
-------+----------+-------------------------------------------
     0 | D:1      | qw the Gargoyle Fighter began the quest for the Orb.
     0 | D:1      | Reached XP level 1. HP: 14/14 MP: 1/1
     0 | D:1      | 0 ||| qw: Version: 0.2-a-29-gc1b59c4
     0 | D:1      | 0 ||| qw: Game counter: 4387
     0 | D:1      | 0 ||| qw: Always use a shield: true
     0 | D:1      | 0 ||| qw: God list: Okawaru
     0 | D:1      | 0 ||| qw: Allow faded altars: false
     0 | D:1      | 0 ||| qw: Do Orc after D:15 true
     0 | D:1      | 0 ||| qw: Do second Lair branch before Depths: true
     0 | D:1      | 0 ||| qw: Lair rune preference: random
     0 | D:1      | 0 ||| qw: Plans: Normal, Zot:1-4, Slime:5, God:TSO, Crypt,
                  | Tomb, Abyss, Pan, Hells, Win
     0 | D:1      | 0 ||| PLANNING D:1-11
   108 | D:1      | 108 ||| Stepping ~*~*~tactically~*~*~ (stealth).
   120 | D:1      | Reached XP level 2. HP: 6/19 MP: 2/2
   350 | D:1      | Found a faded altar of an unknown god.
   646 | D:1      | Reached skill level 3 in Axes
   711 | D:1      | Reached XP level 3. HP: 23/23 MP: 3/3
   796 | D:1      | 796 ||| READING 2 scrolls labelled VIUJAE XEFFOOTTU.
   797 | D:1      | 797 ||| DRINKING 2 fizzy black potions.
   847 | D:2      | 847 ||| STAIRDANCE
  1466 | D:2      | 1466 ||| READING 2 scrolls of identify.
  1466 | D:2      | 1466 ||| IDENTIFYING fizzy pink potion
  1550 | D:3      | Reached XP level 4. HP: 26/28 MP: 4/4
  1593 | D:3      | 1593 ||| FLEEEEING.
  1594 | D:3      | 1594 ||| FLEEEEING.
  1597 | D:3      | 1597 ||| FLEEEEING.
  1598 | D:3      | 1598 ||| FLEEEEING.
  1771 | D:3      | Noticed Robin
  1808 | D:3      | Killed Robin
  1809 | D:3      | Reached XP level 5. HP: 13/32 MP: 5/5
  1901 | D:3      | 1901 ||| DROPPING +2 whip of pain.
  1902 | D:3      | 1902 ||| DROPPING +0 whip.
  1906 | D:3      | Identified the +14 crystal plate armour of the Dolphin
                  | {Stlth+}
  1963 | D:3      | 1963 ||| Stepping ~*~*~tactically~*~*~ (stealth).
  2043 | D:3      | Found an iron altar of Okawaru.
  2044 | D:3      | 2044 ||| PLANNING OKAWARU WORSHIP
  2124 | D:3      | 2124 ||| UPGRADING to +0 chain mail.
  2134 | D:3      | 2134 ||| DROPPING +0 scale mail.
  2135 | D:3      | 2135 ||| UPGRADING to +0 helmet.
  2140 | D:3      | 2140 ||| UPGRADING to +14 crystal plate armour of the
                  | Dolphin {Stlth+}.
  2150 | D:3      | 2150 ||| DROPPING +0 chain mail.
  2151 | D:3      | 2151 ||| READING scroll labelled LILAEW LATTOIRUKIU.
  2152 | D:3      | 2152 ||| READING scroll labelled TUHAZOE CIEGI.
  2177 | D:3      | Became a worshipper of Warmaster Okawaru
  2177 | D:3      | 2177 ||| PLANNING D:1-11
  2448 | D:3      | 2448 ||| Stepping ~*~*~tactically~*~*~ (stealth).
  2452 | D:3      | 2452 ||| Stepping ~*~*~tactically~*~*~ (stealth).
  2453 | D:3      | 2453 ||| Stepping ~*~*~tactically~*~*~ (stealth).
  2455 | D:3      | 2455 ||| Stepping ~*~*~tactically~*~*~ (hiding).
  2505 | D:3      | 2505 ||| DROPPING +0 flail.
  2568 | D:4      | Reached skill level 4 in Armour
  2596 | D:4      | 2596 ||| Stepping ~*~*~tactically~*~*~ (hiding).
  2608 | D:4      | Reached XP level 6. HP: 37/37 MP: 6/6
  2718 | D:4      | Found a burning altar of Makhleb.
  2740 | D:4      | 2740 ||| READING scroll labelled OTEKHL DACWY.
  2846 | D:4      | Found a staircase to the Ecumenical Temple.
  2877 | D:4      | Found a broken altar of Ashenzari.
  2879 | D:4      | Noticed a black bear
  2883 | D:4      | Killed a black bear
  2959 | D:4      | Found Optesaedd's Neck Hole.
  2969 | D:4      | 2969 ||| BUYING +0 cloak (58 gold).
  2969 | D:4      | Bought a +0 cloak for 58 gold pieces
  2969 | D:4      | 2969 ||| SHOPLISTING amulet of reflection (390 gold, have
                  | 117).
  2969 | D:4      | 2969 ||| SHOPLISTING amulet of regeneration (390 gold, have
                  | 117).
  2969 | D:4      | 2969 ||| SHOPLISTING scarf of resistance (416 gold, have
                  | 117).
  3064 | D:4      | Reached XP level 7. HP: 33/43 MP: 7/7
  3156 | D:4      | 3156 ||| UPGRADING to +0 cloak.
  3161 | D:4      | 3161 ||| READING 3 scrolls of identify.
  3161 | D:4      | 3161 ||| IDENTIFYING murky black potion
  3162 | D:4      | 3162 ||| READING 2 scrolls of identify.
  3162 | D:4      | 3162 ||| IDENTIFYING grey potion
  3258 | D:5      | Entered Level 5 of the Dungeon
  3259 | D:5      | 3259 ||| PLANNING SEWER
  3269 | D:5      | Reached * piety under Okawaru
  3279 | D:5      | 3279 ||| INVOKING Heroism.
  3281 | D:5      | 3281 ||| Stepping ~*~*~tactically~*~*~ (stealth).
  3339 | D:5      | 3339 ||| Stepping ~*~*~tactically~*~*~ (hiding).
  3340 | D:5      | 3340 ||| Stepping ~*~*~tactically~*~*~ (hiding).
  3341 | D:5      | 3341 ||| Stepping ~*~*~tactically~*~*~ (hiding).
  3342 | D:5      | 3342 ||| Stepping ~*~*~tactically~*~*~ (hiding).
  3343 | D:5      | 3343 ||| Stepping ~*~*~tactically~*~*~ (hiding).
  3344 | D:5      | 3344 ||| Stepping ~*~*~tactically~*~*~ (hiding).
  3345 | D:5      | 3345 ||| Stepping ~*~*~tactically~*~*~ (hiding).
  3347 | D:5      | 3347 ||| Stepping ~*~*~tactically~*~*~ (hiding).
  3352 | D:5      | Reached skill level 5 in Armour
  3372 | D:5      | Reached skill level 6 in Axes
  3494 | D:5      | Found a glowing drain.
  3501 | D:5      | 3501 ||| DRINKING 2 puce potions.
  3516 | Sewer    | Entered a sewer
  3602 | Sewer    | 3602 ||| Stepping ~*~*~tactically~*~*~ (water).
  3678 | Sewer    | 3678 ||| Stepping ~*~*~tactically~*~*~ (water).
  3686 | Sewer    | Reached skill level 1 in Invocations
  3894 | Sewer    | 3894 ||| READING scroll labelled QIAKHU WAUNN.
  3895 | Sewer    | 3895 ||| READING scroll labelled AXAVEMA RESIULUM.
  3896 | Sewer    | 3896 ||| READING scroll labelled MEHAUS UMMOD.
  3897 | Sewer    | 3897 ||| DRINKING 2 ruby potions.
  3945 | D:5      | 3945 ||| PLANNING D:1-11
  4046 | D:5      | Reached skill level 6 in Armour
  4046 | D:5      | Reached XP level 8. HP: 48/48 MP: 9/9
  4082 | D:5      | 4082 ||| Stepping ~*~*~tactically~*~*~ (stealth).
  4091 | D:5      | 4091 ||| INVOKING Heroism.
  4221 | D:5      | Reached skill level 3 in Invocations
  4264 | D:5      | Noticed Menkaure
  4265 | D:5      | 4265 ||| Stepping ~*~*~tactically~*~*~ (hiding).
  4273 | D:5      | 4273 ||| INVOKING Heroism.
  4280 | D:5      | Killed Menkaure
  4499 | D:6      | 4499 ||| INVOKING Heroism.
  4533 | D:6      | 4533 ||| INVOKING Heroism.
  4572 | D:6      | Found a blossoming altar of Fedhas.
  4626 | D:6      | 4626 ||| Stepping ~*~*~tactically~*~*~ (hiding).
  4628 | D:6      | 4628 ||| Stepping ~*~*~tactically~*~*~ (hiding).
  4696 | D:6      | 4696 ||| DRINKING 2 potions of curing.
  4696 | D:6      | 4696 ||| (to cure confusion)
  4725 | D:6      | 4725 ||| INVOKING Heroism.
  5248 | D:6      | Found an ornate altar of the Wu Jian Council.
  5283 | D:6      | 5283 ||| UPGRADING to ring of see invisible.
  5284 | D:6      | 5284 ||| READING 2 scrolls labelled QYHAFR UHEUVAGI.
  5285 | D:6      | 5285 ||| READING 3 scrolls of identify.
  5285 | D:6      | 5285 ||| IDENTIFYING fizzy inky potion
  5286 | D:6      | 5286 ||| READING 2 scrolls of identify.
  5286 | D:6      | 5286 ||| IDENTIFYING emerald potion
  5287 | D:6      | 5287 ||| DROPPING potion of berserk rage.
  5288 | D:6      | 5288 ||| DROPPING scroll of fear.
  5292 | D:6      | 5292 ||| STAIRDANCE
  5378 | D:6      | 5378 ||| READING 4 scrolls of identify.
  5378 | D:6      | 5378 ||| IDENTIFYING pink potion
  5379 | D:6      | 5379 ||| DROPPING potion of degeneration.
  5384 | D:6      | 5384 ||| STAIRDANCE
  5390 | D:5      | 5390 ||| Stepping ~*~*~tactically~*~*~ (hiding).
  5518 | D:6      | Found a shimmering altar of Xom.
  5586 | D:7      | 5586 ||| PLANNING OSSUARY
  5697 | D:7      | Reached XP level 9. HP: 54/54 MP: 12/12
  5707 | D:7      | Noticed Joseph
  5719 | D:7      | Reached ** piety under Okawaru
  5725 | D:7      | 5725 ||| INVOKING Heroism.
  5742 | D:7      | Killed Joseph
  5743 | D:7      | Reached skill level 7 in Armour
  6032 | D:7      | Reached skill level 1 in Dodging
  6173 | D:7      | Reached skill level 6 in Fighting
  6284 | D:7      | 6284 ||| Stepping ~*~*~tactically~*~*~ (hiding).
  6294 | D:7      | 6294 ||| RIP OSSUARY
  6295 | D:7      | 6295 ||| PLANNING D:1-11
  6339 | D:7      | 6339 ||| UPGRADING to +1 pair of boots.
  6350 | D:7      | 6350 ||| Stepping ~*~*~tactically~*~*~ (hiding).
  6364 | D:7      | Reached skill level 8 in Armour
  6472 | D:7      | 6472 ||| Stepping ~*~*~tactically~*~*~ (stealth).
  6473 | D:7      | 6473 ||| Stepping ~*~*~tactically~*~*~ (stealth).
  6474 | D:7      | 6474 ||| Stepping ~*~*~tactically~*~*~ (stealth).
  6725 | D:7      | 6725 ||| READING scroll labelled TAILLI KUASIOC.
  6726 | D:7      | 6726 ||| READING 3 scrolls of identify.
  6726 | D:7      | 6726 ||| IDENTIFYING amethyst potion
  6727 | D:7      | 6727 ||| READING 2 scrolls of identify.
  6727 | D:7      | 6727 ||| IDENTIFYING fuming coppery potion
  6728 | D:7      | 6728 ||| DROPPING potion of ambrosia.
  6729 | D:7      | 6729 ||| DROPPING potion of enlightenment.
  6770 | D:8      | 6770 ||| READING scroll of enchant armour.
  6770 | D:8      | 6770 ||| ENCHANTING +0 helmet.
  6875 | D:8      | 6875 ||| INVOKING Heroism.
  6878 | D:8      | Reached skill level 9 in Axes
  6884 | D:8      | Reached *** piety under Okawaru
  6894 | D:8      | Reached XP level 10. HP: 26/61 MP: 13/13
  7057 | D:8      | 7057 ||| INVOKING Heroism.
  7166 | D:8      | 7166 ||| Stepping ~*~*~tactically~*~*~ (stealth).
  7167 | D:8      | Noticed a two-headed ogre
  7168 | D:8      | 7168 ||| INVOKING Heroism.
  7170 | D:8      | Noticed a two-headed ogre
  7187 | D:8      | Reached skill level 9 in Armour
  7192 | D:8      | Killed a two-headed ogre
  7192 | D:8      | Reached **** piety under Okawaru
  7200 | D:8      | 7200 ||| INVOKING Heroism.
  7204 | D:8      | Killed a two-headed ogre
  7486 | D:8      | Noticed Amaemon
  7486 | D:8      | Noticed an orange demon
  7487 | D:8      | 7487 ||| INVOKING Heroism.
  7513 | D:8      | Killed Amaemon
  7514 | D:8      | Reached skill level 1 in Throwing
  7514 | D:8      | Reached skill level 6 in Invocations
  7518 | D:8      | Killed an orange demon
  7518 | D:8      | Reached ***** piety under Okawaru
  7595 | D:8      | 7595 ||| Stepping ~*~*~tactically~*~*~ (hiding).
  7718 | D:8      | 7718 ||| DROPPING +1 hat.
  7719 | D:8      | 7719 ||| READING scroll labelled YCWYUSHRAGIPS.
  7720 | D:8      | 7720 ||| READING scroll labelled WETARO HINT.
  7721 | D:8      | 7721 ||| READING scroll labelled BEMIMN BAN INEU.
  7722 | D:8      | 7722 ||| READING 3 scrolls of identify.
  7722 | D:8      | 7722 ||| IDENTIFYING bubbling purple potion
  7723 | D:8      | 7723 ||| DROPPING potion of invisibility.
  7747 | D:9      | Reached XP level 11. HP: 66/68 MP: 15/15
  7758 | D:9      | 7758 ||| INVOKING Heroism.
  7782 | D:9      | Found a bloodstained altar of Trog.
  7944 | D:9      | 7944 ||| Stepping ~*~*~tactically~*~*~ (hiding).
  8088 | D:9      | 8088 ||| Stepping ~*~*~tactically~*~*~ (stealth).
  8089 | D:9      | 8089 ||| Stepping ~*~*~tactically~*~*~ (stealth).
  8118 | D:9      | Received a gift from Okawaru
  8180 | D:9      | 8180 ||| INVOKING Heroism.
  8219 | D:9      | 8219 ||| READING scroll of enchant armour.
  8219 | D:9      | 8219 ||| ENCHANTING +1 helmet.
  8261 | D:9      | Found a shadowy altar of Dithmenos.
  8304 | D:9      | 8304 ||| Stepping ~*~*~tactically~*~*~ (stealth).
  8364 | D:9      | 8364 ||| READING scroll of enchant weapon.
  8364 | D:9      | 8364 ||| ENCHANTING +1 war axe of protection.
  8430 | D:9      | 8430 ||| Stepping ~*~*~tactically~*~*~ (stealth).
  8442 | D:9      | 8442 ||| Stepping ~*~*~tactically~*~*~ (hiding).
  8707 | D:9      | Found a shimmering blue altar of Sif Muna.
  8755 | D:9      | 8755 ||| READING scroll labelled XUDEIMN NURPHE.
  8756 | D:9      | 8756 ||| READING 3 scrolls of identify.
  8756 | D:9      | 8756 ||| IDENTIFYING bubbling cyan potion
  8789 | D:10     | Entered Level 10 of the Dungeon
  8791 | D:10     | 8791 ||| Stepping ~*~*~tactically~*~*~ (stealth).
  8809 | D:10     | 8809 ||| INVOKING Heroism.
  8816 | D:10     | Reached skill level 10 in Armour
  8840 | D:10     | 8840 ||| FLEEEEING.
  8841 | D:10     | 8841 ||| STAIRDANCE
  9005 | D:10     | Found a staircase to the Lair.
  9035 | D:10     | 9035 ||| Stepping ~*~*~tactically~*~*~ (stealth).
  9038 | D:10     | 9038 ||| Stepping ~*~*~tactically~*~*~ (stealth).
  9060 | D:10     | Found a staircase to the Orcish Mines.
  9063 | D:10     | 9063 ||| Stepping ~*~*~tactically~*~*~ (stealth).
  9092 | D:10     | 9092 ||| Stepping ~*~*~tactically~*~*~ (stealth).
  9110 | D:10     | 9110 ||| Stepping ~*~*~tactically~*~*~ (stealth).
  9111 | D:10     | 9111 ||| Stepping ~*~*~tactically~*~*~ (stealth).
  9126 | D:10     | 9126 ||| Stepping ~*~*~tactically~*~*~ (stealth).
  9144 | D:10     | Received a gift from Okawaru
  9160 | D:10     | 9160 ||| FLEEEEING.
  9161 | D:10     | 9161 ||| FLEEEEING.
  9162 | D:10     | 9162 ||| FLEEEEING.
  9163 | D:10     | 9163 ||| FLEEEEING.
  9170 | D:10     | 9170 ||| FLEEEEING.
  9195 | D:10     | 9195 ||| Stepping ~*~*~tactically~*~*~ (stealth).
  9210 | D:10     | 9210 ||| Stepping ~*~*~tactically~*~*~ (stealth).
  9215 | D:10     | 9215 ||| Stepping ~*~*~tactically~*~*~ (hiding).
  9227 | D:10     | Reached skill level 9 in Invocations
  9233 | D:10     | 9233 ||| Stepping ~*~*~tactically~*~*~ (stealth).
  9244 | D:10     | 9244 ||| Stepping ~*~*~tactically~*~*~ (stealth).
  9248 | D:10     | 9248 ||| Stepping ~*~*~tactically~*~*~ (stealth).
  9372 | D:10     | Noticed Erolcha
  9373 | D:10     | 9373 ||| INVOKING Heroism.
  9374 | D:10     | 9374 ||| INVOKING Finesse.
  9386 | D:10     | Killed Erolcha
  9683 | D:10     | 9683 ||| INVOKING Heroism.
 10004 | D:10     | 10004 ||| PLANNING LAIR
 10047 | Lair:1   | Entered Level 1 of the Lair of Beasts
 10192 | Lair:1   | 10192 ||| INVOKING Heroism.
 10354 | Lair:1   | Noticed Harold
 10355 | Lair:1   | 10355 ||| INVOKING Heroism.
 10369 | Lair:1   | Killed Harold
 10369 | Lair:1   | Received a gift from Okawaru
 10370 | Lair:1   | Reached skill level 3 in Throwing
 10370 | Lair:1   | Reached XP level 12. HP: 69/73 MP: 19/19
 10490 | Lair:1   | 10490 ||| Stepping ~*~*~tactically~*~*~ (hiding).
 10500 | Lair:1   | Identified the +3 trident of Govva {speed, rC+ rCorr Dex+3}
 10516 | Lair:1   | Noticed Erica
 10517 | Lair:1   | 10517 ||| INVOKING Heroism.
 10518 | Lair:1   | 10518 ||| INVOKING Finesse.
 10537 | Lair:1   | Killed Erica
 10617 | Lair:1   | 10617 ||| INVOKING Heroism.
 11081 | Lair:1   | 11081 ||| UPGRADING to +1 pair of gloves of stealth.
 11086 | Lair:1   | 11086 ||| UPGRADING to +4 ring of slaying {mikee}.
 11087 | Lair:1   | 11087 ||| READING scroll labelled CAVOXO ZARAIL.
 11088 | Lair:1   | 11088 ||| READING 5 scrolls of identify.
 11088 | Lair:1   | 11088 ||| IDENTIFYING murky green potion
 11089 | Lair:1   | 11089 ||| DROPPING potion of brilliance.
 11113 | Lair:2   | Reached skill level 9 in Fighting
 11161 | Lair:2   | 11161 ||| READING scroll of enchant weapon.
 11161 | Lair:2   | 11161 ||| ENCHANTING +2 war axe of protection.
 11188 | Lair:2   | 11188 ||| INVOKING Heroism.
 11341 | Lair:2   | Reached skill level 11 in Armour
 11425 | Lair:2   | 11425 ||| INVOKING Heroism.
 12327 | Lair:2   | 12327 ||| DROPPING ring of magical power.
 12346 | Lair:3   | 12346 ||| Stepping ~*~*~tactically~*~*~ (stealth).
 12349 | Lair:3   | 12349 ||| Stepping ~*~*~tactically~*~*~ (stealth).
 12403 | Lair:3   | 12403 ||| INVOKING Heroism.
 12419 | Lair:3   | Reached skill level 12 in Axes
 12477 | Lair:3   | 12477 ||| Stepping ~*~*~tactically~*~*~ (stealth).
 12496 | Lair:3   | Reached skill level 6 in Shields
 12570 | Lair:3   | 12570 ||| INVOKING Heroism.
 12594 | Lair:3   | 12594 ||| Stepping ~*~*~tactically~*~*~ (cloud).
 12617 | Lair:3   | Received a gift from Okawaru
 12693 | Lair:3   | 12693 ||| INVOKING Heroism.
 12700 | Lair:3   | Reached skill level 12 in Armour
 12702 | Lair:3   | Reached XP level 13. HP: 35/80 MP: 18/20
 12706 | Lair:3   | Received a gift from Okawaru
 12861 | Lair:3   | 12861 ||| INVOKING Heroism.
 12964 | Lair:3   | 12964 ||| Stepping ~*~*~tactically~*~*~ (stealth).
 13016 | Lair:3   | 13016 ||| READING scroll of enchant weapon.
 13016 | Lair:3   | 13016 ||| ENCHANTING +3 war axe of protection.
 13028 | Lair:3   | Found a staircase to the Shoals.
 13102 | Lair:3   | Found a staircase to the Snake Pit.
 13114 | Lair:3   | 13114 ||| FLEEEEING.
 13115 | Lair:3   | 13115 ||| FLEEEEING.
 13116 | Lair:3   | 13116 ||| FLEEEEING.
 13117 | Lair:3   | 13117 ||| FLEEEEING.
 13178 | Lair:3   | 13178 ||| INVOKING Heroism.
 13333 | Lair:3   | 13333 ||| INVOKING Heroism.
 13477 | Lair:3   | 13477 ||| INVOKING Heroism.
 13539 | Lair:3   | 13539 ||| INVOKING Heroism.
 13596 | Lair:3   | 13596 ||| INVOKING Heroism.
 13648 | Lair:3   | 13648 ||| INVOKING Heroism.
 13653 | Lair:3   | 13653 ||| SWAPPING to +0 demon whip of venom.
 13657 | Lair:3   | Received a gift from Okawaru
 13658 | Lair:3   | 13658 ||| SWAPPING to +4 war axe of protection.
 13750 | Lair:3   | 13750 ||| INVOKING Heroism.
 13840 | Lair:3   | 13840 ||| READING scroll labelled OMMAEJEOFA.
 13879 | Lair:4   | Reached skill level 13 in Armour
 13911 | Lair:4   | 13911 ||| INVOKING Heroism.
 13914 | Lair:4   | 13914 ||| Stepping ~*~*~tactically~*~*~ (stealth).
 13915 | Lair:4   | 13915 ||| SWAPPING to +0 demon whip of venom.
 13920 | Lair:4   | 13920 ||| SWAPPING to +4 war axe of protection.
 13932 | Lair:4   | 13932 ||| Stepping ~*~*~tactically~*~*~ (hiding).
 14069 | Lair:4   | Found a staircase to the Slime Pits.
 14138 | Lair:4   | 14138 ||| Stepping ~*~*~tactically~*~*~ (stealth).
 14237 | Lair:4   | 14237 ||| Stepping ~*~*~tactically~*~*~ (hiding).
 14246 | Lair:4   | Received a gift from Okawaru
 14687 | Lair:4   | 14687 ||| UPGRADING to +2 pair of boots of flying.
 14697 | Lair:4   | 14697 ||| DROPPING +1 pair of boots.
 14698 | Lair:4   | 14698 ||| DROPPING +6 ring of intelligence.
 14699 | Lair:4   | 14699 ||| READING 7 scrolls of identify.
 14699 | Lair:4   | 14699 ||| IDENTIFYING fizzy purple potion
 14700 | Lair:4   | 14700 ||| DRINKING potion of experience.
 14700 | Lair:4   | Reached skill level 15 in Axes
 14700 | Lair:4   | Gained mutation: Your large and strong wings let you fly.
                  | [Gargoyle growth]
 14700 | Lair:4   | Reached XP level 14. HP: 88/88 MP: 21/21
 14730 | Lair:5   | Entered Level 5 of the Lair of Beasts
 14733 | Lair:5   | 14733 ||| Stepping ~*~*~tactically~*~*~ (stealth).
 14752 | Lair:5   | 14752 ||| INVOKING Heroism.
 14889 | Lair:5   | 14889 ||| Stepping ~*~*~tactically~*~*~ (stealth).
 14890 | Lair:5   | 14890 ||| Stepping ~*~*~tactically~*~*~ (stealth).
 14900 | Lair:5   | 14900 ||| Stepping ~*~*~tactically~*~*~ (stealth).
 14945 | Lair:5   | 14945 ||| Stepping ~*~*~tactically~*~*~ (stealth).
 14957 | Lair:5   | Reached XP level 15. HP: 91/92 MP: 22/22
 15085 | Lair:5   | 15085 ||| Stepping ~*~*~tactically~*~*~ (stealth).
 15189 | Lair:5   | 15189 ||| INVOKING Heroism.
 15190 | Lair:5   | 15190 ||| INVOKING Finesse.
 15288 | Lair:5   | 15288 ||| Stepping ~*~*~tactically~*~*~ (stealth).
 15425 | Lair:5   | 15425 ||| INVOKING Heroism.
 15426 | Lair:5   | 15426 ||| INVOKING Finesse.
 15428 | Lair:5   | 15428 ||| SWAPPING to +0 demon whip of venom.
 15433 | Lair:5   | 15433 ||| SWAPPING to +4 war axe of protection.
 15699 | Lair:5   | 15699 ||| Stepping ~*~*~tactically~*~*~ (stealth).
 15701 | Lair:5   | 15701 ||| Stepping ~*~*~tactically~*~*~ (stealth).
 15722 | Lair:5   | Reached skill level 14 in Armour
 15790 | Lair:5   | 15790 ||| Stepping ~*~*~tactically~*~*~ (stealth).
 15792 | Lair:5   | 15792 ||| Stepping ~*~*~tactically~*~*~ (hiding).
 15828 | Lair:5   | 15828 ||| Stepping ~*~*~tactically~*~*~ (stealth).
 15835 | Lair:5   | 15835 ||| Stepping ~*~*~tactically~*~*~ (stealth).
 15848 | Lair:5   | 15848 ||| INVOKING Heroism.
 15869 | Lair:5   | 15869 ||| INVOKING Heroism.
 16044 | Lair:5   | 16044 ||| INVOKING Heroism.
 16190 | Lair:5   | Identified the +2 war axe of Light {flame, rElec rC+
                  | Stlth-}
 16192 | Lair:5   | 16192 ||| DROPPING +0 morningstar.
 16193 | Lair:5   | 16193 ||| DROPPING +0 demon whip of venom.
 16261 | Lair:5   | Reached skill level 12 in Fighting
 16459 | Lair:5   | 16459 ||| PLANNING D:1-11
 16676 | D:11     | 16676 ||| DRINKING 7 potions of curing.
 16676 | D:11     | 16676 ||| (to cure confusion)
 16736 | D:11     | 16736 ||| Stepping ~*~*~tactically~*~*~ (stealth).
 16743 | D:11     | 16743 ||| Stepping ~*~*~tactically~*~*~ (hiding).
 16777 | D:11     | 16777 ||| Stepping ~*~*~tactically~*~*~ (hiding).
 16793 | D:11     | Noticed a frost giant
 16794 | D:11     | 16794 ||| Stepping ~*~*~tactically~*~*~ (hiding).
 16795 | D:11     | 16795 ||| Stepping ~*~*~tactically~*~*~ (hiding).
 16799 | D:11     | 16799 ||| INVOKING Heroism.
 16800 | D:11     | 16800 ||| INVOKING Finesse.
 16808 | D:11     | Killed a frost giant
 16947 | D:11     | Found Eplet's Assorted Antiques.
 16950 | D:11     | 16950 ||| BUYING ring of fire (775 gold).
 16950 | D:11     | Bought a ring of fire for 775 gold pieces
 16950 | D:11     | 16950 ||| BUYING scroll of teleportation (93 gold).
 16950 | D:11     | Bought a scroll of teleportation for 93 gold pieces
 16950 | D:11     | 16950 ||| BUYING scroll of teleportation (93 gold).
 16950 | D:11     | Bought a scroll of teleportation for 93 gold pieces
 17040 | D:11     | Identified the +4 dagger of the Vine {freeze, rCorr Int+3
                  | Dex-5}
 17064 | D:11     | 17064 ||| INVOKING Heroism.
 17073 | D:11     | 17073 ||| Stepping ~*~*~tactically~*~*~ (cloud).
 17082 | D:11     | 17082 ||| Stepping ~*~*~tactically~*~*~ (cloud).
 17324 | D:11     | 17324 ||| INVOKING Heroism.
 17329 | D:11     | 17329 ||| Stepping ~*~*~tactically~*~*~ (cloud).
 17334 | D:11     | 17334 ||| Stepping ~*~*~tactically~*~*~ (cloud).
 17335 | D:11     | 17335 ||| Stepping ~*~*~tactically~*~*~ (cloud).
 17341 | D:11     | 17341 ||| Stepping ~*~*~tactically~*~*~ (cloud).
 17716 | D:11     | 17716 ||| PLANNING D
 17716 | D:11     | 17716 ||| DROPPING amulet of magic regeneration.
 17723 | D:12     | 17723 ||| Stepping ~*~*~tactically~*~*~ (hiding).
 17724 | D:12     | 17724 ||| Stepping ~*~*~tactically~*~*~ (hiding).
 17725 | D:12     | 17725 ||| Stepping ~*~*~tactically~*~*~ (hiding).
 17727 | D:12     | 17727 ||| Stepping ~*~*~tactically~*~*~ (hiding).
 17729 | D:12     | 17729 ||| Stepping ~*~*~tactically~*~*~ (hiding).
 17736 | D:12     | 17736 ||| Stepping ~*~*~tactically~*~*~ (stealth).
 17738 | D:12     | Reached skill level 15 in Armour
 17787 | D:12     | Noticed Nergalle
 17792 | D:12     | Killed Nergalle
 17937 | D:12     | 17937 ||| READING scroll of enchant armour.
 17937 | D:12     | 17937 ||| ENCHANTING +1 pair of gloves of stealth.
 17967 | D:12     | 17967 ||| INVOKING Heroism.
 18209 | D:12     | 18209 ||| READING scroll of enchant armour.
 18209 | D:12     | 18209 ||| ENCHANTING +0 cloak.
 18232 | D:12     | Noticed Snorg
 18237 | D:12     | 18237 ||| INVOKING Heroism.
 18244 | D:12     | Killed Snorg
 18486 | D:12     | Received a gift from Okawaru
 18544 | D:12     | 18544 ||| INVOKING Heroism.
 18644 | D:12     | 18644 ||| Stepping ~*~*~tactically~*~*~ (hiding).
 18645 | D:12     | 18645 ||| Stepping ~*~*~tactically~*~*~ (hiding).
 18648 | D:12     | 18648 ||| INVOKING Heroism.
 18786 | D:12     | Found Userghar's Armour Boutique.
 18886 | D:13     | Found a gate to the Vaults.
 18982 | D:13     | 18982 ||| INVOKING Heroism.
 19186 | D:13     | 19186 ||| READING scroll of enchant armour.
 19186 | D:13     | 19186 ||| ENCHANTING +1 cloak.
 19280 | D:13     | Noticed Urug
 19281 | D:13     | 19281 ||| INVOKING Heroism.
 19289 | D:13     | Killed Urug
 19496 | D:14     | Found Cowe's Antique Armour Shop.
 19498 | D:14     | 19498 ||| Stepping ~*~*~tactically~*~*~ (hiding).
 19615 | D:14     | 19615 ||| BUYING glowing kite shield (210 gold).
 19615 | D:14     | Bought a glowing kite shield for 210 gold pieces
 19615 | D:14     | 19615 ||| BUYING pair of embroidered boots (210 gold).
 19615 | D:14     | Bought a pair of embroidered boots for 210 gold pieces
 19615 | D:14     | 19615 ||| SHOPLISTING pair of runed gloves (210 gold, have
                  | 38).
 19643 | D:14     | 19643 ||| INVOKING Heroism.
 19691 | D:14     | 19691 ||| READING scroll of enchant weapon.
 19691 | D:14     | 19691 ||| ENCHANTING +4 war axe of protection.
 19778 | D:14     | 19778 ||| Stepping ~*~*~tactically~*~*~ (hiding).
 19872 | D:14     | Noticed Kirke
 19873 | D:14     | 19873 ||| Stepping ~*~*~tactically~*~*~ (stealth).
 19879 | D:14     | Reached XP level 16. HP: 101/101 MP: 23/23
 19880 | D:14     | 19880 ||| INVOKING Heroism.
 19882 | D:14     | Noticed a sphinx
 19887 | D:14     | 19887 ||| DRINKING 8 potions of curing.
 19887 | D:14     | 19887 ||| (to cure confusion)
 19889 | D:14     | Paralysed by a sphinx for 3 turns
 19900 | D:14     | Killed Kirke
 20124 | D:14     | 20124 ||| Stepping ~*~*~tactically~*~*~ (hiding).
 20125 | D:14     | 20125 ||| Stepping ~*~*~tactically~*~*~ (hiding).
 20182 | D:14     | 20182 ||| UPGRADING to +2 kite shield.
 20192 | D:14     | 20192 ||| DROPPING +0 buckler.
 20193 | D:14     | 20193 ||| DROPPING +1 pair of boots of stealth.
 20216 | D:15     | Entered Level 15 of the Dungeon
 20244 | D:15     | 20244 ||| Stepping ~*~*~tactically~*~*~ (hiding).
 20259 | D:15     | 20259 ||| INVOKING Heroism.
 20297 | D:15     | Reached skill level 9 in Shields
 20385 | D:15     | Found an iron altar of Okawaru.
 20386 | D:15     | Found an ornate altar of the Wu Jian Council.
 20387 | D:15     | Found a burning altar of Makhleb.
 20448 | D:15     | 20448 ||| Stepping ~*~*~tactically~*~*~ (hiding).
 20451 | D:15     | 20451 ||| Stepping ~*~*~tactically~*~*~ (hiding).
 20505 | D:15     | 20505 ||| Stepping ~*~*~tactically~*~*~ (hiding).
 20506 | D:15     | 20506 ||| Stepping ~*~*~tactically~*~*~ (hiding).
 20616 | D:15     | Found a staircase to the Depths.
 20748 | D:15     | 20748 ||| INVOKING Heroism.
 20750 | D:15     | 20750 ||| SWAPPING to +2 war axe of Light {flame, rElec rC+
                  | Stlth-}.
 20757 | D:15     | 20757 ||| SWAPPING to +5 war axe of protection.
 20821 | D:15     | 20821 ||| Stepping ~*~*~tactically~*~*~ (hiding).
 20840 | D:15     | 20840 ||| Stepping ~*~*~tactically~*~*~ (hiding).
 20850 | D:15     | 20850 ||| INVOKING Heroism.
 20852 | D:15     | Received a gift from Okawaru
 20861 | D:15     | 20861 ||| Stepping ~*~*~tactically~*~*~ (hiding).
 20916 | D:15     | 20916 ||| INVOKING Heroism.
 20936 | D:15     | 20936 ||| Stepping ~*~*~tactically~*~*~ (stealth).
 20939 | D:15     | 20939 ||| Stepping ~*~*~tactically~*~*~ (hiding).
 20940 | D:15     | 20940 ||| Stepping ~*~*~tactically~*~*~ (hiding).
 20941 | D:15     | 20941 ||| INVOKING Heroism.
 21124 | D:15     | 21124 ||| Stepping ~*~*~tactically~*~*~ (stealth).
 21126 | D:15     | 21126 ||| Stepping ~*~*~tactically~*~*~ (hiding).
 21203 | D:15     | 21203 ||| Stepping ~*~*~tactically~*~*~ (hiding).
 21231 | D:15     | 21231 ||| INVOKING Heroism.
 21241 | D:15     | Reached skill level 12 in Shields
 21286 | D:15     | 21286 ||| INVOKING Heroism.
 21334 | D:15     | Reached skill level 6 in Throwing
 21334 | D:15     | 21334 ||| INVOKING Heroism.
 21343 | D:15     | Received a gift from Okawaru
 21359 | D:15     | 21359 ||| Stepping ~*~*~tactically~*~*~ (hiding).
 21399 | D:15     | 21399 ||| Stepping ~*~*~tactically~*~*~ (hiding).
 21425 | D:15     | 21425 ||| Stepping ~*~*~tactically~*~*~ (hiding).
 21433 | D:15     | Received a gift from Okawaru
 21434 | D:15     | 21434 ||| INVOKING Heroism.
 21452 | D:15     | 21452 ||| Stepping ~*~*~tactically~*~*~ (hiding).
 21561 | D:15     | 21561 ||| INVOKING Heroism.
 21566 | D:15     | 21566 ||| Stepping ~*~*~tactically~*~*~ (stealth).
 21574 | D:15     | 21574 ||| Stepping ~*~*~tactically~*~*~ (stealth).
 21604 | D:15     | Noticed a tengu reaver
 21610 | D:15     | Noticed a tengu reaver
 21616 | D:15     | 21616 ||| INVOKING Heroism.
 21621 | D:15     | Killed a tengu reaver
 21621 | D:15     | Received a gift from Okawaru
 21631 | D:15     | Killed a tengu reaver
 21632 | D:15     | HP: 15/101 [disintegration (29)]
 21633 | D:15     | 21633 ||| READING 17 scrolls of teleportation.
 21634 | D:15     | 21634 ||| DRINKING 8 potions of heal wounds.
 21636 | D:15     | 21636 ||| DRINKING 7 potions of curing.
 21636 | D:15     | 21636 ||| (to cure confusion)
 21795 | D:15     | 21795 ||| READING scroll of enchant weapon.
 21795 | D:15     | 21795 ||| ENCHANTING +5 war axe of protection.
 21800 | D:15     | 21800 ||| Stepping ~*~*~tactically~*~*~ (stealth).
 21802 | D:15     | 21802 ||| Stepping ~*~*~tactically~*~*~ (hiding).
 21826 | D:15     | Noticed an azure jelly
 21827 | D:15     | 21827 ||| Stepping ~*~*~tactically~*~*~ (stealth).
 21828 | D:15     | 21828 ||| Stepping ~*~*~tactically~*~*~ (stealth).
 21851 | D:15     | 21851 ||| INVOKING Heroism.
 21852 | D:15     | a frost giant changed into a shadow dragon
 21852 | D:15     | Noticed a shadow dragon (glowing shapeshifter)
 21854 | D:15     | a shadow dragon changed into a titan
 21854 | D:15     | Noticed a titan (glowing shapeshifter)
 21859 | D:15     | a titan changed into a rockslime
 21859 | D:15     | Noticed a rockslime (glowing shapeshifter)
 21862 | D:15     | Killed a rockslime
 21997 | D:15     | 21997 ||| READING scroll of enchant weapon.
 21997 | D:15     | 21997 ||| ENCHANTING +6 war axe of protection.
 22049 | D:15     | 22049 ||| FLEEEEING.
 22051 | D:15     | 22051 ||| FLEEEEING.
 22056 | D:15     | 22056 ||| FLEEEEING.
 22057 | D:15     | 22057 ||| FLEEEEING.
 22058 | D:15     | 22058 ||| FLEEEEING.
 22059 | D:15     | 22059 ||| FLEEEEING.
 22060 | D:15     | 22060 ||| FLEEEEING.
 22061 | D:15     | 22061 ||| FLEEEEING.
 22062 | D:15     | 22062 ||| FLEEEEING.
 22063 | D:15     | 22063 ||| FLEEEEING.
 22064 | D:15     | 22064 ||| FLEEEEING.
 22065 | D:15     | 22065 ||| FLEEEEING.
 22066 | D:15     | 22066 ||| FLEEEEING.
 22068 | D:15     | 22068 ||| INVOKING Heroism.
 22144 | D:15     | 22144 ||| INVOKING Heroism.
 22146 | D:15     | 22146 ||| Stepping ~*~*~tactically~*~*~ (stealth).
 22168 | D:15     | Reached XP level 17. HP: 108/108 MP: 24/24
 22348 | D:15     | 22348 ||| PLANNING ORC
 22493 | Orc:1    | Entered Level 1 of the Orcish Mines
 22687 | Orc:2    | Entered Level 2 of the Orcish Mines
 22695 | Orc:2    | Found a staircase to the Elven Halls.
 22731 | Orc:2    | 22731 ||| Stepping ~*~*~tactically~*~*~ (stealth).
 22842 | Orc:2    | 22842 ||| Stepping ~*~*~tactically~*~*~ (hiding).
 22843 | Orc:2    | 22843 ||| Stepping ~*~*~tactically~*~*~ (hiding).
 22845 | Orc:2    | 22845 ||| Stepping ~*~*~tactically~*~*~ (hiding).
 22857 | Orc:2    | Noticed Saint Roka
 22858 | Orc:2    | 22858 ||| INVOKING Heroism.
 22859 | Orc:2    | 22859 ||| INVOKING Finesse.
 22871 | Orc:2    | Received a gift from Okawaru
 22906 | Orc:2    | HP: 16/108 [Saint Roka/divine providence (16)]
 22907 | Orc:2    | 22907 ||| READING 17 scrolls of teleportation.
 22908 | Orc:2    | 22908 ||| DRINKING 7 potions of heal wounds.
 22914 | Orc:2    | Found Paewn's Weapon Shoppe.
 22917 | Orc:2    | 22917 ||| FLEEEEING.
 22919 | Orc:2    | Found Quvastua's Armour Shop.
 22940 | Orc:2    | Received a gift from Okawaru
 22947 | Orc:2    | 22947 ||| FLEEEEING.
 22948 | Orc:2    | 22948 ||| FLEEEEING.
 22949 | Orc:2    | 22949 ||| FLEEEEING.
 22950 | Orc:2    | 22950 ||| FLEEEEING.
 22951 | Orc:2    | 22951 ||| STAIRDANCE
 22956 | Orc:1    | 22956 ||| INVOKING Heroism.
 22960 | Orc:1    | HP: 14/108 [orc sorcerer/bolt of fire (25)]
 22961 | Orc:1    | Reached skill level 16 in Armour
 22961 | Orc:1    | 22961 ||| READING 16 scrolls of teleportation.
 22962 | Orc:1    | 22962 ||| DRINKING 6 potions of heal wounds.
 23025 | Orc:1    | 23025 ||| INVOKING Heroism.
 23165 | Orc:1    | 23165 ||| Stepping ~*~*~tactically~*~*~ (stealth).
 23341 | Orc:2    | 23341 ||| BUYING +1 vampiric war axe (245 gold).
 23341 | Orc:2    | Bought a +1 vampiric war axe for 245 gold pieces
 23341 | Orc:2    | 23341 ||| SWAPPING to +1 vampiric war axe.
 23344 | Orc:2    | Found Qavaod's Assorted Antiques.
 23345 | Orc:2    | Found Viffecesh's General Store.
 23347 | Orc:2    | 23347 ||| BUYING +3 kite shield of Kleptomania {Drain rPois
                  | Slay+5 SInv} (754 gold).
 23347 | Orc:2    | Bought the +3 kite shield of Kleptomania {Drain rPois
                  | Slay+5 SInv} for 754 gold pieces
 23358 | Orc:2    | 23358 ||| INVOKING Heroism.
 23359 | Orc:2    | 23359 ||| INVOKING Finesse.
 23405 | Orc:2    | Killed Saint Roka
 23441 | Orc:2    | 23441 ||| BUYING +0 broad axe (44 gold).
 23441 | Orc:2    | Bought a +0 broad axe for 44 gold pieces
 23441 | Orc:2    | 23441 ||| BUYING 2 potions of curing (66 gold).
 23441 | Orc:2    | Bought 2 potions of curing for 66 gold pieces
 23441 | Orc:2    | 23441 ||| BUYING potion of cancellation (88 gold).
 23441 | Orc:2    | Bought a potion of cancellation for 88 gold pieces
 23446 | Orc:2    | 23446 ||| SHOPLISTING scroll of enchant armour (247 gold,
                  | have 55).
 23526 | Orc:2    | 23526 ||| Stepping ~*~*~tactically~*~*~ (stealth).
 23528 | Orc:2    | 23528 ||| Stepping ~*~*~tactically~*~*~ (hiding).
 23790 | Orc:2    | 23790 ||| PLANNING SNAKE:1-3
 23790 | Orc:2    | 23790 ||| UPGRADING to +3 kite shield of Kleptomania {Drain
                  | rPois Slay+5 SInv}.
 23800 | Orc:2    | 23800 ||| REMOVING ring of see invisible.
 23801 | Orc:2    | 23801 ||| DROPPING +2 kite shield.
 23802 | Orc:2    | 23802 ||| DROPPING ring of see invisible.
 23803 | Orc:2    | 23803 ||| UPGRADING to +4 ring of protection.
 23956 | Snake:1  | Entered Level 1 of the Snake Pit
 23959 | Snake:1  | 23959 ||| INVOKING Heroism.
 24012 | Snake:1  | 24012 ||| Stepping ~*~*~tactically~*~*~ (hiding).
 24013 | Snake:1  | 24013 ||| Stepping ~*~*~tactically~*~*~ (hiding).
 24153 | Snake:1  | Reached skill level 17 in Armour
 24153 | Snake:1  | 24153 ||| INVOKING Heroism.
 24275 | Snake:1  | 24275 ||| Stepping ~*~*~tactically~*~*~ (hiding).
 24296 | Snake:1  | 24296 ||| Stepping ~*~*~tactically~*~*~ (stealth).
 24388 | Snake:1  | Reached skill level 3 in Dodging
 24492 | Snake:1  | 24492 ||| Stepping ~*~*~tactically~*~*~ (stealth).
 24508 | Snake:1  | 24508 ||| Stepping ~*~*~tactically~*~*~ (stealth).
 24516 | Snake:1  | 24516 ||| Stepping ~*~*~tactically~*~*~ (stealth).
 24568 | Snake:1  | 24568 ||| Stepping ~*~*~tactically~*~*~ (stealth).
 24689 | Snake:1  | 24689 ||| Stepping ~*~*~tactically~*~*~ (hiding).
 24699 | Snake:1  | Identified the +1 robe of the Swamp {rF+ Str+3 Slay-4}
                  | (Okawaru gifted it to you on level 1 of the Snake Pit)
 24699 | Snake:1  | Received a gift from Okawaru
 24979 | Snake:2  | 24979 ||| Stepping ~*~*~tactically~*~*~ (hiding).
 24983 | Snake:2  | 24983 ||| Stepping ~*~*~tactically~*~*~ (hiding).
 24988 | Snake:2  | 24988 ||| INVOKING Heroism.
 25227 | Snake:2  | Found Jirud's Distillery.
 25236 | Snake:2  | 25236 ||| BUYING potion of curing (45 gold).
 25236 | Snake:2  | Bought a potion of curing for 45 gold pieces
 25236 | Snake:2  | 25236 ||| BUYING potion of curing (45 gold).
 25236 | Snake:2  | Bought a potion of curing for 45 gold pieces
 25236 | Snake:2  | 25236 ||| BUYING potion of curing (45 gold).
 25236 | Snake:2  | Bought a potion of curing for 45 gold pieces
 25236 | Snake:2  | 25236 ||| BUYING potion of haste (150 gold).
 25236 | Snake:2  | Bought a potion of haste for 150 gold pieces
 25236 | Snake:2  | 25236 ||| SHOPLISTING potion of haste (150 gold, have 8).
 25236 | Snake:2  | 25236 ||| SHOPLISTING potion of heal wounds (75 gold, have
                  | 8).
 25236 | Snake:2  | 25236 ||| SHOPLISTING potion of lignification (45 gold,
                  | have 8).
 25283 | Snake:2  | 25283 ||| INVOKING Heroism.
 25386 | Snake:2  | 25386 ||| Stepping ~*~*~tactically~*~*~ (hiding).
 25387 | Snake:2  | 25387 ||| Stepping ~*~*~tactically~*~*~ (hiding).
 25391 | Snake:2  | 25391 ||| INVOKING Heroism.
 25442 | Snake:2  | 25442 ||| INVOKING Heroism.
 25488 | Snake:2  | Reached XP level 18. HP: 116/116 MP: 25/25
 25508 | Snake:2  | 25508 ||| INVOKING Heroism.
 25531 | Snake:2  | 25531 ||| Stepping ~*~*~tactically~*~*~ (stealth).
 25685 | Snake:2  | 25685 ||| INVOKING Heroism.
 25698 | Snake:2  | Reached skill level 18 in Armour
 25721 | Snake:2  | 25721 ||| INVOKING Heroism.
 26016 | Snake:2  | 26016 ||| DROPPING ring of willpower.
 26110 | Snake:3  | 26110 ||| Stepping ~*~*~tactically~*~*~ (hiding).
 26114 | Snake:3  | 26114 ||| Stepping ~*~*~tactically~*~*~ (hiding).
 26115 | Snake:3  | 26115 ||| Stepping ~*~*~tactically~*~*~ (hiding).
 26117 | Snake:3  | 26117 ||| Stepping ~*~*~tactically~*~*~ (hiding).
 26118 | Snake:3  | 26118 ||| Stepping ~*~*~tactically~*~*~ (hiding).
 26120 | Snake:3  | 26120 ||| Stepping ~*~*~tactically~*~*~ (hiding).
 26124 | Snake:3  | 26124 ||| Stepping ~*~*~tactically~*~*~ (hiding).
 26127 | Snake:3  | 26127 ||| INVOKING Heroism.
 26161 | Snake:3  | 26161 ||| Stepping ~*~*~tactically~*~*~ (hiding).
 26307 | Snake:3  | 26307 ||| Stepping ~*~*~tactically~*~*~ (hiding).
 26308 | Snake:3  | 26308 ||| Stepping ~*~*~tactically~*~*~ (hiding).
 26327 | Snake:3  | 26327 ||| Stepping ~*~*~tactically~*~*~ (stealth).
 26328 | Snake:3  | 26328 ||| Stepping ~*~*~tactically~*~*~ (stealth).
 26330 | Snake:3  | 26330 ||| Stepping ~*~*~tactically~*~*~ (hiding).
 26347 | Snake:3  | 26347 ||| FLEEEEING.
 26348 | Snake:3  | 26348 ||| STAIRDANCE
 26435 | Snake:3  | 26435 ||| Stepping ~*~*~tactically~*~*~ (hiding).
 26438 | Snake:3  | 26438 ||| Stepping ~*~*~tactically~*~*~ (hiding).
 26454 | Snake:3  | 26454 ||| FLEEEEING.
 26476 | Snake:3  | 26476 ||| INVOKING Heroism.
 26492 | Snake:3  | Reached skill level 15 in Fighting
 26572 | Snake:3  | Found Gupp's Armour Shop.
 26578 | Snake:3  | 26578 ||| SHOPLISTING +0 pair of gloves of strength (149
                  | gold, have 111).
 26683 | Snake:3  | Identified the +3 plate armour "Town" {Int-2 Dex+3 Slay+5
                  | Stlth+}
 26704 | Snake:3  | 26704 ||| Stepping ~*~*~tactically~*~*~ (hiding).
 26705 | Snake:3  | 26705 ||| Stepping ~*~*~tactically~*~*~ (hiding).
 26708 | Snake:3  | 26708 ||| INVOKING Heroism.
 26829 | Snake:3  | 26829 ||| PLANNING SHOALS:1-3
 26905 | Shoals:1 | Entered Level 1 of the Shoals
 27201 | Shoals:1 | 27201 ||| Stepping ~*~*~tactically~*~*~ (stealth).
 27208 | Shoals:1 | 27208 ||| Stepping ~*~*~tactically~*~*~ (stealth).
 27254 | Shoals:1 | 27254 ||| Stepping ~*~*~tactically~*~*~ (hiding).
 27255 | Shoals:1 | 27255 ||| Stepping ~*~*~tactically~*~*~ (hiding).
 27256 | Shoals:1 | 27256 ||| Stepping ~*~*~tactically~*~*~ (hiding).
 27257 | Shoals:1 | 27257 ||| INVOKING Heroism.
 27306 | Shoals:1 | 27306 ||| INVOKING Heroism.
 27316 | Shoals:1 | Found Kuom's Distillery.
 27343 | Shoals:1 | 27343 ||| BUYING potion of cancellation (104 gold).
 27343 | Shoals:1 | Bought a potion of cancellation for 104 gold pieces
 27343 | Shoals:1 | 27343 ||| BUYING potion of heal wounds (65 gold).
 27343 | Shoals:1 | Bought a potion of heal wounds for 65 gold pieces
 27343 | Shoals:1 | 27343 ||| SHOPLISTING potion of lignification (39 gold,
                  | have 9).
 27343 | Shoals:1 | 27343 ||| SHOPLISTING potion of magic (104 gold, have 9).
 27343 | Shoals:1 | 27343 ||| SHOPLISTING potion of might (52 gold, have 9).
 27343 | Shoals:1 | 27343 ||| SHOPLISTING potion of mutation (104 gold, have
                  | 9).
 27726 | Shoals:1 | 27726 ||| DROPPING +2 pair of gloves.
 27727 | Shoals:1 | 27727 ||| READING scroll labelled USYEXT RAIRGHE.
 27828 | Shoals:1 | 27828 ||| READING 2 scrolls labelled LAFITUN UTANU.
 27828 | Shoals:1 | Identified 2 scrolls of acquirement
 27863 | Shoals:2 | 27863 ||| READING 2 scrolls of acquirement.
 27863 | Shoals:2 | 27863 ||| ACQUIRING +4 broad axe of flaming
 27863 | Shoals:2 | Acquired a +4 broad axe of flaming
 27865 | Shoals:2 | 27865 ||| DROPPING +2 war axe of Light {flame, rElec rC+
                  | Stlth-}.
 27866 | Shoals:2 | 27866 ||| DROPPING +7 war axe of protection.
 27867 | Shoals:2 | 27867 ||| DROPPING +0 broad axe.
 27868 | Shoals:2 | 27868 ||| READING scroll of acquirement.
 27868 | Shoals:2 | 27868 ||| ACQUIRING ring of Guolueh {rPois rN+ rCorr Int-4}
 27868 | Shoals:2 | Acquired the ring of Guolueh {rPois rN+ rCorr Int-4}
 27911 | Shoals:2 | Reached skill level 19 in Armour
 27914 | Shoals:2 | 27914 ||| INVOKING Heroism.
 27921 | Shoals:2 | Noticed Aizul
 27940 | Shoals:2 | Killed Aizul
 27951 | Shoals:2 | 27951 ||| INVOKING Heroism.
 27996 | Shoals:2 | 27996 ||| Stepping ~*~*~tactically~*~*~ (stealth).
 27997 | Shoals:2 | 27997 ||| Stepping ~*~*~tactically~*~*~ (stealth).
 27998 | Shoals:2 | 27998 ||| Stepping ~*~*~tactically~*~*~ (stealth).
 28001 | Shoals:2 | 28001 ||| INVOKING Heroism.
 28020 | Shoals:2 | Reached skill level 15 in Shields
 28072 | Shoals:2 | 28072 ||| INVOKING Heroism.
 28635 | Shoals:3 | 28635 ||| INVOKING Heroism.
 28695 | Shoals:3 | 28695 ||| Stepping ~*~*~tactically~*~*~ (hiding).
 28696 | Shoals:3 | 28696 ||| Stepping ~*~*~tactically~*~*~ (hiding).
 29408 | Shoals:3 | 29408 ||| PLANNING SNAKE:4
 29517 | Snake:4  | Entered Level 4 of the Snake Pit
 29525 | Snake:4  | 29525 ||| INVOKING Heroism.
 29543 | Snake:4  | Reached XP level 19. HP: 116/125 MP: 26/26
 29595 | Snake:4  | Found Guxof's Magic Scroll Emporium.
 29609 | Snake:4  | 29609 ||| Stepping ~*~*~tactically~*~*~ (stealth).
 29614 | Snake:4  | Found Ockoan's Jewellery Shoppe.
 29631 | Snake:4  | 29631 ||| BUYING scroll of enchant armour (97 gold).
 29631 | Snake:4  | Bought a scroll of enchant armour for 97 gold pieces
 29631 | Snake:4  | 29631 ||| BUYING scroll of teleportation (39 gold).
 29631 | Snake:4  | Bought a scroll of teleportation for 39 gold pieces
 29631 | Snake:4  | 29631 ||| BUYING scroll of teleportation (39 gold).
 29631 | Snake:4  | Bought a scroll of teleportation for 39 gold pieces
 29650 | Snake:4  | Identified the scarf "Avoech" {shadows, *Corrode MP+9
                  | Str+4} (Okawaru gifted it to you on level 4 of the Snake
                  | Pit)
 29650 | Snake:4  | Received a gift from Okawaru
 29690 | Snake:4  | 29690 ||| SHOPLISTING amulet "Ceosue" {RegenMP rElec rCorr
                  | Str+4} (1102 gold, have 50).
 29690 | Snake:4  | 29690 ||| SHOPLISTING amulet of the acrobat (570 gold, have
                  | 50).
 29690 | Snake:4  | 29690 ||| SHOPLISTING ring of ice (475 gold, have 50).
 29929 | Snake:4  | 29929 ||| SWAPPING to +2 vampiric war axe.
 29991 | Snake:4  | 29991 ||| Stepping ~*~*~tactically~*~*~ (stealth).
 29998 | Snake:4  | 29998 ||| Stepping ~*~*~tactically~*~*~ (stealth).
 30009 | Snake:4  | Reached skill level 20 in Armour
 30010 | Snake:4  | 30010 ||| Stepping ~*~*~tactically~*~*~ (stealth).
 30030 | Snake:4  | 30030 ||| INVOKING Heroism.
 30051 | Snake:4  | Found a frozen archway.
 30196 | Snake:4  | Identified the +8 spear "Rympyll" {protect, Dex+5}
 30314 | Snake:4  | 30314 ||| Stepping ~*~*~tactically~*~*~ (hiding).
 30316 | Snake:4  | 30316 ||| Stepping ~*~*~tactically~*~*~ (hiding).
 30319 | Snake:4  | 30319 ||| Stepping ~*~*~tactically~*~*~ (hiding).
 30320 | Snake:4  | 30320 ||| Stepping ~*~*~tactically~*~*~ (hiding).
 30573 | Snake:4  | 30573 ||| INVOKING Heroism.
 30628 | Snake:4  | 30628 ||| FLEEEEING.
 30629 | Snake:4  | 30629 ||| FLEEEEING.
 30630 | Snake:4  | 30630 ||| FLEEEEING.
 30631 | Snake:4  | 30631 ||| FLEEEEING.
 30632 | Snake:4  | 30632 ||| FLEEEEING.
 30633 | Snake:4  | 30633 ||| FLEEEEING.
 30634 | Snake:4  | 30634 ||| FLEEEEING.
 30647 | Snake:4  | 30647 ||| FLEEEEING.
 30648 | Snake:4  | 30648 ||| FLEEEEING.
 30649 | Snake:4  | 30649 ||| FLEEEEING.
 30650 | Snake:4  | 30650 ||| FLEEEEING.
 30651 | Snake:4  | 30651 ||| FLEEEEING.
 30652 | Snake:4  | 30652 ||| FLEEEEING.
 30653 | Snake:4  | 30653 ||| FLEEEEING.
 30661 | Snake:4  | 30661 ||| STAIRDANCE
 30757 | Snake:3  | 30757 ||| DROPPING +0 tower shield of poison resistance.
 30758 | Snake:3  | 30758 ||| UPGRADING to +1 tower shield of protection.
 30768 | Snake:3  | 30768 ||| DROPPING +3 kite shield of Kleptomania {Drain
                  | rPois Slay+5 SInv}.
 30769 | Snake:3  | 30769 ||| DROPPING scarf "Avoech" {shadows, *Corrode MP+9
                  | Str+4}.
 30772 | Snake:4  | 30772 ||| Stepping ~*~*~tactically~*~*~ (hiding).
 30797 | Snake:4  | 30797 ||| INVOKING Heroism.
 30828 | Snake:4  | 30828 ||| FLEEEEING.
 30830 | Snake:4  | 30830 ||| STAIRDANCE
 30886 | Snake:4  | 30886 ||| Stepping ~*~*~tactically~*~*~ (hiding).
 30892 | Snake:4  | 30892 ||| Stepping ~*~*~tactically~*~*~ (hiding).
 30893 | Snake:4  | 30893 ||| INVOKING Heroism.
 31067 | Snake:4  | 31067 ||| Stepping ~*~*~tactically~*~*~ (hiding).
 31070 | Snake:4  | 31070 ||| INVOKING Heroism.
 31072 | Snake:4  | 31072 ||| Stepping ~*~*~tactically~*~*~ (hiding).
 31073 | Snake:4  | 31073 ||| Stepping ~*~*~tactically~*~*~ (hiding).
 31100 | Snake:4  | 31100 ||| Stepping ~*~*~tactically~*~*~ (stealth).
 31114 | Snake:4  | 31114 ||| INVOKING Heroism.
 31254 | Snake:4  | Got a serpentine rune of Zot
 31276 | Snake:4  | 31276 ||| Stepping ~*~*~tactically~*~*~ (stealth).
 31279 | Snake:4  | 31279 ||| Stepping ~*~*~tactically~*~*~ (stealth).
 31460 | Snake:4  | 31460 ||| PLANNING VAULTS:1-4
 31746 | Vaults:1 | Entered Level 1 of the Vaults
 31747 | Vaults:1 | 31747 ||| PLANNING DESOLATION
 31859 | Vaults:1 | Received a gift from Okawaru
 31930 | Vaults:1 | Found a crumbling gateway.
 31937 | Desolati | Entered the Desolation of Salt
 32158 | Desolati | 32158 ||| INVOKING Heroism.
 32175 | Desolati | Received a gift from Okawaru
 32294 | Desolati | Identified the +5 arbalest of the Sun {heavy, Dex+4}
 32321 | Desolati | Identified the +9 short sword of the Hugging Mosquito
                  | {freeze, *Slow rElec Str+6}
 32363 | Desolati | Received a gift from Okawaru
 32416 | Desolati | Identified the ring "Xuagih" {rCorr Int+5}
 32448 | Desolati | 32448 ||| INVOKING Heroism.
 32449 | Desolati | 32449 ||| INVOKING Finesse.
 32668 | Desolati | Identified the +8 quarterstaff "Rity Juph" {speed, rElec
                  | rF+ Int-4 Dex+3}
 32670 | Desolati | 32670 ||| Stepping ~*~*~tactically~*~*~ (stealth).
 32695 | Desolati | Reached XP level 20. HP: 130/134 MP: 27/27
 32840 | Desolati | 32840 ||| DROPPING +4 broad axe of flaming.
 32859 | Desolati | 32859 ||| INVOKING Heroism.
 32908 | Desolati | Found the +7 lajatang of Order {silver, rMut}
 32911 | Desolati | 32911 ||| Stepping ~*~*~tactically~*~*~ (stealth).
 32917 | Desolati | 32917 ||| Stepping ~*~*~tactically~*~*~ (hiding).
 32920 | Desolati | Reached skill level 18 in Shields
 32921 | Desolati | 32921 ||| Stepping ~*~*~tactically~*~*~ (hiding).
 32922 | Desolati | 32922 ||| Stepping ~*~*~tactically~*~*~ (hiding).
 32923 | Desolati | 32923 ||| Stepping ~*~*~tactically~*~*~ (stealth).
 33114 | Desolati | 33114 ||| Stepping ~*~*~tactically~*~*~ (hiding).
 33143 | Desolati | 33143 ||| INVOKING Heroism.
 33215 | Desolati | 33215 ||| FLEEEEING.
 33218 | Desolati | 33218 ||| FLEEEEING.
 33220 | Desolati | 33220 ||| FLEEEEING.
 33221 | Desolati | 33221 ||| FLEEEEING.
 33222 | Desolati | 33222 ||| FLEEEEING.
 33223 | Desolati | 33223 ||| FLEEEEING.
 33224 | Desolati | 33224 ||| FLEEEEING.
 33225 | Desolati | 33225 ||| FLEEEEING.
 33226 | Desolati | 33226 ||| FLEEEEING.
 33227 | Desolati | 33227 ||| FLEEEEING.
 33229 | Desolati | 33229 ||| Stepping ~*~*~tactically~*~*~ (hiding).
 33256 | Desolati | Received a gift from Okawaru
 33274 | Desolati | 33274 ||| Stepping ~*~*~tactically~*~*~ (stealth).
 33278 | Desolati | 33278 ||| Stepping ~*~*~tactically~*~*~ (hiding).
 33350 | Desolati | 33350 ||| Stepping ~*~*~tactically~*~*~ (stealth).
 33462 | Desolati | 33462 ||| INVOKING Heroism.
 33737 | Desolati | 33737 ||| Stepping ~*~*~tactically~*~*~ (stealth).
 33756 | Desolati | 33756 ||| INVOKING Heroism.
 33956 | Desolati | 33956 ||| DROPPING +0 helmet of intelligence.
 33957 | Desolati | 33957 ||| DROPPING +0 cloak of preservation.
 34016 | Vaults:1 | 34016 ||| PLANNING VAULTS:1-4
 34043 | Vaults:1 | 34043 ||| FLEEEEING.
 34044 | Vaults:1 | 34044 ||| FLEEEEING.
 34045 | Vaults:1 | 34045 ||| FLEEEEING.
 34052 | Vaults:1 | 34052 ||| FLEEEEING.
 34053 | Vaults:1 | 34053 ||| FLEEEEING.
 34054 | Vaults:1 | 34054 ||| FLEEEEING.
 34055 | Vaults:1 | 34055 ||| FLEEEEING.
 34056 | Vaults:1 | 34056 ||| FLEEEEING.
 34057 | Vaults:1 | 34057 ||| FLEEEEING.
 34058 | Vaults:1 | 34058 ||| FLEEEEING.
 34071 | Vaults:1 | 34071 ||| FLEEEEING.
 34072 | Vaults:1 | 34072 ||| FLEEEEING.
 34073 | Vaults:1 | 34073 ||| FLEEEEING.
 34074 | Vaults:1 | 34074 ||| FLEEEEING.
 34075 | Vaults:1 | 34075 ||| FLEEEEING.
 34076 | Vaults:1 | 34076 ||| FLEEEEING.
 34077 | Vaults:1 | 34077 ||| FLEEEEING.
 34083 | Vaults:1 | 34083 ||| FLEEEEING.
 34084 | Vaults:1 | 34084 ||| FLEEEEING.
 34085 | Vaults:1 | 34085 ||| FLEEEEING.
 34086 | Vaults:1 | 34086 ||| FLEEEEING.
 34087 | Vaults:1 | 34087 ||| FLEEEEING.
 34088 | Vaults:1 | 34088 ||| FLEEEEING.
 34095 | Vaults:1 | 34095 ||| FLEEEEING.
 34102 | Vaults:1 | 34102 ||| FLEEEEING.
 34103 | Vaults:1 | 34103 ||| FLEEEEING.
 34110 | Vaults:1 | 34110 ||| FLEEEEING.
 34111 | Vaults:1 | 34111 ||| FLEEEEING.
 34112 | Vaults:1 | 34112 ||| FLEEEEING.
 34113 | Vaults:1 | 34113 ||| FLEEEEING.
 34114 | Vaults:1 | 34114 ||| FLEEEEING.
 34115 | Vaults:1 | 34115 ||| FLEEEEING.
 34118 | Vaults:1 | 34118 ||| Stepping ~*~*~tactically~*~*~ (hiding).
 34120 | Vaults:1 | 34120 ||| Stepping ~*~*~tactically~*~*~ (hiding).
 34121 | Vaults:1 | 34121 ||| Stepping ~*~*~tactically~*~*~ (hiding).
 34122 | Vaults:1 | 34122 ||| FLEEEEING.
 34141 | Vaults:1 | 34141 ||| INVOKING Heroism.
 34479 | Vaults:1 | 34479 ||| Stepping ~*~*~tactically~*~*~ (stealth).
 34530 | Vaults:1 | 34530 ||| FLEEEEING.
 34531 | Vaults:1 | 34531 ||| FLEEEEING.
 34532 | Vaults:1 | 34532 ||| FLEEEEING.
 34533 | Vaults:1 | 34533 ||| FLEEEEING.
 34534 | Vaults:1 | 34534 ||| FLEEEEING.
 34535 | Vaults:1 | 34535 ||| FLEEEEING.
 34536 | Vaults:1 | 34536 ||| FLEEEEING.
 34537 | Vaults:1 | 34537 ||| FLEEEEING.
 34538 | Vaults:1 | 34538 ||| FLEEEEING.
 34539 | Vaults:1 | 34539 ||| FLEEEEING.
 34540 | Vaults:1 | 34540 ||| FLEEEEING.
 34545 | Vaults:1 | 34545 ||| FLEEEEING.
 34546 | Vaults:1 | 34546 ||| FLEEEEING.
 34547 | Vaults:1 | 34547 ||| FLEEEEING.
 34548 | Vaults:1 | 34548 ||| FLEEEEING.
 34552 | Vaults:1 | 34552 ||| FLEEEEING.
 34556 | Vaults:1 | 34556 ||| FLEEEEING.
 34713 | Vaults:1 | 34713 ||| INVOKING Finesse.
 34858 | Vaults:1 | 34858 ||| INVOKING Heroism.
 34859 | Vaults:1 | 34859 ||| INVOKING Finesse.
 34914 | Vaults:1 | 34914 ||| Stepping ~*~*~tactically~*~*~ (hiding).
 35133 | Vaults:1 | 35133 ||| Stepping ~*~*~tactically~*~*~ (stealth).
 35134 | Vaults:1 | 35134 ||| Stepping ~*~*~tactically~*~*~ (stealth).
 35304 | Vaults:1 | Reached skill level 9 in Throwing
 35330 | Vaults:1 | 35330 ||| READING scroll of enchant weapon.
 35330 | Vaults:1 | 35330 ||| ENCHANTING +2 vampiric war axe.
 35494 | Vaults:1 | 35494 ||| Stepping ~*~*~tactically~*~*~ (hiding).
 35495 | Vaults:1 | 35495 ||| Stepping ~*~*~tactically~*~*~ (hiding).
 35496 | Vaults:1 | 35496 ||| Stepping ~*~*~tactically~*~*~ (hiding).
 35755 | Vaults:2 | 35755 ||| INVOKING Finesse.
 35817 | Vaults:2 | Noticed Jory
 35832 | Vaults:2 | 35832 ||| INVOKING Heroism.
 35843 | Vaults:2 | Killed Jory
 36023 | Vaults:2 | Paralysed by a great orb of eyes for 5 turns
 36044 | Vaults:2 | Received a gift from Okawaru
 36045 | Vaults:2 | Reached skill level 21 in Armour
 36053 | Vaults:2 | 36053 ||| INVOKING Heroism.
 36199 | Vaults:2 | Found Ussakk's Armour Shoppe.
 36235 | Vaults:2 | Reached XP level 21. HP: 139/139 MP: 28/28
 36251 | Vaults:2 | Found a huge runed gate.
 36251 | Vaults:2 | Found a huge runed gate.
 36251 | Vaults:2 | Found a huge runed gate.
 36251 | Vaults:2 | Found a huge runed gate.
 36251 | Vaults:2 | Found a huge runed gate.
 36251 | Vaults:2 | Found a huge runed gate.
 36252 | Vaults:2 | Found a huge runed gate.
 36252 | Vaults:2 | Found a huge runed gate.
 36252 | Vaults:2 | Found a huge runed gate.
 36252 | Vaults:2 | Found a huge runed gate.
 36252 | Vaults:2 | Found a huge runed gate.
 36253 | Vaults:2 | Found a huge runed gate.
 36254 | Vaults:2 | Found a huge runed gate.
 36255 | Vaults:2 | Found a huge runed gate.
 36258 | Vaults:2 | Found a huge runed gate.
 36276 | Vaults:2 | 36276 ||| Stepping ~*~*~tactically~*~*~ (hiding).
 36289 | Vaults:2 | 36289 ||| INVOKING Heroism.
 36474 | Vaults:2 | Found a staircase to the Crypt.
 36560 | Vaults:2 | 36560 ||| FLEEEEING.
 36561 | Vaults:2 | 36561 ||| FLEEEEING.
 36562 | Vaults:2 | 36562 ||| FLEEEEING.
 36563 | Vaults:2 | 36563 ||| FLEEEEING.
 36564 | Vaults:2 | 36564 ||| FLEEEEING.
 36567 | Vaults:2 | 36567 ||| FLEEEEING.
 36568 | Vaults:2 | 36568 ||| FLEEEEING.
 36569 | Vaults:2 | 36569 ||| FLEEEEING.
 36570 | Vaults:2 | 36570 ||| Stepping ~*~*~tactically~*~*~ (hiding).
 36572 | Vaults:2 | 36572 ||| Stepping ~*~*~tactically~*~*~ (hiding).
 36574 | Vaults:2 | 36574 ||| Stepping ~*~*~tactically~*~*~ (hiding).
 36575 | Vaults:2 | 36575 ||| Stepping ~*~*~tactically~*~*~ (hiding).
 36792 | Vaults:2 | Found a huge runed gate.
 36792 | Vaults:2 | Found a huge runed gate.
 36792 | Vaults:2 | Found a huge runed gate.
 36793 | Vaults:2 | Found a huge runed gate.
 36793 | Vaults:2 | Found a huge runed gate.
 36793 | Vaults:2 | Found a huge runed gate.
 36794 | Vaults:2 | Found a huge runed gate.
 36794 | Vaults:2 | Found a huge runed gate.
 36794 | Vaults:2 | Found a huge runed gate.
 36877 | Vaults:2 | Found a huge runed gate.
 36877 | Vaults:2 | Found a huge runed gate.
 36877 | Vaults:2 | Found a huge runed gate.
 36877 | Vaults:2 | Found a huge runed gate.
 36877 | Vaults:2 | Found a huge runed gate.
 36877 | Vaults:2 | Found a huge runed gate.
 36878 | Vaults:2 | Found a huge runed gate.
 36879 | Vaults:2 | Found a huge runed gate.
 36880 | Vaults:2 | Found a huge runed gate.
 36888 | Vaults:2 | Found a huge runed gate.
 36888 | Vaults:2 | Found a huge runed gate.
 36888 | Vaults:2 | Found a huge runed gate.
 36944 | Vaults:2 | 36944 ||| Stepping ~*~*~tactically~*~*~ (hiding).
 36970 | Vaults:2 | Found Taahuq's Weapon Shop.
 37122 | Vaults:2 | 37122 ||| INVOKING Heroism.
 37401 | Vaults:2 | Noticed Margery
 37402 | Vaults:2 | 37402 ||| DRINKING 4 potions of resistance.
 37404 | Vaults:2 | 37404 ||| INVOKING Heroism.
 37418 | Vaults:2 | 37418 ||| Stepping ~*~*~tactically~*~*~ (hiding).
 37420 | Vaults:2 | 37420 ||| Stepping ~*~*~tactically~*~*~ (hiding).
 37445 | Vaults:2 | Killed Margery
 37579 | Vaults:2 | 37579 ||| DROPPING ring "Xuagih" {rCorr Int+5}.
 37580 | Vaults:2 | 37580 ||| UPGRADING to +6 ring of strength.
 37582 | Vaults:2 | 37582 ||| DROPPING +4 ring of protection.
 37635 | Vaults:3 | 37635 ||| INVOKING Heroism.
 37654 | Vaults:3 | Reached skill level 18 in Fighting
 37667 | Vaults:3 | 37667 ||| Stepping ~*~*~tactically~*~*~ (hiding).
 37668 | Vaults:3 | 37668 ||| Stepping ~*~*~tactically~*~*~ (hiding).
 37671 | Vaults:3 | 37671 ||| Stepping ~*~*~tactically~*~*~ (hiding).
 37830 | Vaults:3 | 37830 ||| Stepping ~*~*~tactically~*~*~ (hiding).
 37837 | Vaults:3 | Received a gift from Okawaru
 37896 | Vaults:3 | Noticed Boris
 37897 | Vaults:3 | 37897 ||| INVOKING Heroism.
 37907 | Vaults:3 | Killed Boris
 38084 | Vaults:3 | 38084 ||| Stepping ~*~*~tactically~*~*~ (stealth).
 38096 | Vaults:3 | Received a gift from Okawaru
 38112 | Vaults:3 | 38112 ||| Stepping ~*~*~tactically~*~*~ (stealth).
 38114 | Vaults:3 | 38114 ||| Stepping ~*~*~tactically~*~*~ (stealth).
 38116 | Vaults:3 | 38116 ||| Stepping ~*~*~tactically~*~*~ (stealth).
 38133 | Vaults:3 | 38133 ||| Stepping ~*~*~tactically~*~*~ (hiding).
 38137 | Abyss:2  | Cast into level 2 of the Abyss (a deep elf demonologist)
 38196 | Abyss:2  | Found a corrupted altar of Lugonu.
 38206 | Abyss:2  | 38206 ||| Stepping ~*~*~tactically~*~*~ (stealth).
 38208 | Abyss:2  | 38208 ||| Stepping ~*~*~tactically~*~*~ (hiding).
 38209 | Abyss:2  | 38209 ||| Stepping ~*~*~tactically~*~*~ (hiding).
 38211 | Abyss:2  | 38211 ||| Stepping ~*~*~tactically~*~*~ (hiding).
 38212 | Abyss:2  | 38212 ||| Stepping ~*~*~tactically~*~*~ (hiding).
 38256 | Abyss:2  | 38256 ||| Stepping ~*~*~tactically~*~*~ (stealth).
 38258 | Abyss:2  | 38258 ||| Stepping ~*~*~tactically~*~*~ (stealth).
 38267 | Abyss:2  | 38267 ||| Stepping ~*~*~tactically~*~*~ (hiding).
 38298 | Abyss:2  | 38298 ||| Stepping ~*~*~tactically~*~*~ (hiding).
 38311 | Abyss:2  | 38311 ||| Stepping ~*~*~tactically~*~*~ (hiding).
 38312 | Abyss:2  | 38312 ||| Stepping ~*~*~tactically~*~*~ (hiding).
 38312 | Abyss:2  | Gained mutation: You are somewhat resistant to further
                  | mutation. [a neqoxec]
 38373 | Abyss:2  | 38373 ||| Stepping ~*~*~tactically~*~*~ (stealth).
 38378 | Abyss:2  | Received a gift from Okawaru
 38380 | Abyss:2  | 38380 ||| Stepping ~*~*~tactically~*~*~ (stealth).
 38381 | Abyss:2  | 38381 ||| Stepping ~*~*~tactically~*~*~ (stealth).
 38390 | Abyss:2  | 38390 ||| Stepping ~*~*~tactically~*~*~ (stealth).
 38394 | Abyss:2  | 38394 ||| Stepping ~*~*~tactically~*~*~ (hiding).
 38396 | Abyss:2  | 38396 ||| Stepping ~*~*~tactically~*~*~ (hiding).
 38417 | Abyss:2  | 38417 ||| Stepping ~*~*~tactically~*~*~ (stealth).
 38438 | Abyss:2  | 38438 ||| Stepping ~*~*~tactically~*~*~ (stealth).
 38458 | Abyss:2  | Paralysed by an air elemental for 1 turns
 38476 | Abyss:2  | 38476 ||| Stepping ~*~*~tactically~*~*~ (stealth).
 38510 | Abyss:2  | 38510 ||| Stepping ~*~*~tactically~*~*~ (hiding).
 38511 | Abyss:2  | 38511 ||| Stepping ~*~*~tactically~*~*~ (hiding).
 38530 | Abyss:2  | 38530 ||| Stepping ~*~*~tactically~*~*~ (stealth).
 38630 | Abyss:2  | 38630 ||| Stepping ~*~*~tactically~*~*~ (stealth).
 38631 | Abyss:2  | 38631 ||| Stepping ~*~*~tactically~*~*~ (stealth).
 38633 | Abyss:2  | 38633 ||| Stepping ~*~*~tactically~*~*~ (hiding).
 38678 | Abyss:2  | 38678 ||| Stepping ~*~*~tactically~*~*~ (stealth).
 38683 | Abyss:2  | 38683 ||| Stepping ~*~*~tactically~*~*~ (stealth).
 38687 | Abyss:2  | 38687 ||| Stepping ~*~*~tactically~*~*~ (stealth).
 38759 | Abyss:2  | 38759 ||| Stepping ~*~*~tactically~*~*~ (stealth).
 38770 | Abyss:2  | 38770 ||| Stepping ~*~*~tactically~*~*~ (stealth).
 38782 | Abyss:2  | 38782 ||| Stepping ~*~*~tactically~*~*~ (stealth).
 38783 | Abyss:2  | 38783 ||| Stepping ~*~*~tactically~*~*~ (stealth).
 38784 | Abyss:2  | 38784 ||| Stepping ~*~*~tactically~*~*~ (stealth).
 38785 | Abyss:2  | 38785 ||| Stepping ~*~*~tactically~*~*~ (stealth).
 38789 | Abyss:2  | 38789 ||| Stepping ~*~*~tactically~*~*~ (stealth).
 38801 | Abyss:2  | Received a gift from Okawaru
 38805 | Abyss:2  | 38805 ||| Stepping ~*~*~tactically~*~*~ (stealth).
 38808 | Abyss:2  | 38808 ||| Stepping ~*~*~tactically~*~*~ (stealth).
 38833 | Abyss:2  | 38833 ||| Stepping ~*~*~tactically~*~*~ (stealth).
 38836 | Abyss:2  | 38836 ||| Stepping ~*~*~tactically~*~*~ (stealth).
 38858 | Abyss:2  | 38858 ||| Stepping ~*~*~tactically~*~*~ (stealth).
 38859 | Abyss:2  | 38859 ||| Stepping ~*~*~tactically~*~*~ (stealth).
 38860 | Abyss:2  | 38860 ||| Stepping ~*~*~tactically~*~*~ (stealth).
 38880 | Abyss:2  | Found a corrupted altar of Lugonu.
 38933 | Abyss:2  | 38933 ||| Stepping ~*~*~tactically~*~*~ (stealth).
 38937 | Abyss:2  | 38937 ||| Stepping ~*~*~tactically~*~*~ (hiding).
 38938 | Abyss:2  | 38938 ||| Stepping ~*~*~tactically~*~*~ (hiding).
 38940 | Abyss:2  | 38940 ||| Stepping ~*~*~tactically~*~*~ (hiding).
 39004 | Abyss:2  | 39004 ||| Stepping ~*~*~tactically~*~*~ (stealth).
 39010 | Abyss:2  | 39010 ||| Stepping ~*~*~tactically~*~*~ (stealth).
 39029 | Vaults:3 | Escaped the Abyss
 39078 | Vaults:3 | 39078 ||| INVOKING Finesse.
 39120 | Vaults:3 | 39120 ||| Stepping ~*~*~tactically~*~*~ (hiding).
 39177 | Vaults:3 | 39177 ||| Stepping ~*~*~tactically~*~*~ (stealth).
 39189 | Vaults:3 | Reached skill level 22 in Armour
 39197 | Vaults:3 | 39197 ||| FLEEEEING.
 39201 | Vaults:3 | 39201 ||| Stepping ~*~*~tactically~*~*~ (hiding).
 39202 | Vaults:3 | 39202 ||| Stepping ~*~*~tactically~*~*~ (hiding).
 39241 | Vaults:3 | Received a gift from Okawaru
 39272 | Vaults:3 | Received a gift from Okawaru
 39281 | Vaults:3 | 39281 ||| DRINKING 15 potions of curing.
 39281 | Vaults:3 | 39281 ||| (to cure confusion)
 39282 | Vaults:3 | 39282 ||| INVOKING Heroism.
 39312 | Vaults:3 | Reached XP level 22. HP: 137/148 MP: 29/29
 39312 | Vaults:3 | 39312 ||| DRINKING 14 potions of curing.
 39312 | Vaults:3 | 39312 ||| (to cure confusion)
 39316 | Vaults:3 | Received a gift from Okawaru
 40008 | Vaults:3 | 40008 ||| DROPPING +1 war axe of venom.
 40435 | Vaults:3 | 40435 ||| UPGRADING to amulet of the acrobat.
 40519 | Vaults:4 | 40519 ||| STAIRDANCE
 40703 | Vaults:4 | Received a gift from Okawaru
 40785 | Vaults:4 | 40785 ||| Stepping ~*~*~tactically~*~*~ (stealth).
 40786 | Vaults:4 | 40786 ||| Stepping ~*~*~tactically~*~*~ (stealth).
 40821 | Vaults:4 | Identified the +0 pair of gloves of the First Snow {-Tele
                  | rCorr Slay+2}
 40980 | Vaults:4 | Found a large runed translucent door.
 40980 | Vaults:4 | Found a large runed translucent door.
 40980 | Vaults:4 | Found a large runed translucent door.
 40980 | Vaults:4 | Found a large runed translucent door.
 40980 | Vaults:4 | Found a large runed translucent door.
 40980 | Vaults:4 | Found a large runed translucent door.
 40980 | Vaults:4 | Found a large runed translucent door.
 40980 | Vaults:4 | Found a large runed translucent door.
 40980 | Vaults:4 | Noticed qw's ghost (adept GrFi)
 41006 | Vaults:4 | 41006 ||| Stepping ~*~*~tactically~*~*~ (hiding).
 41007 | Vaults:4 | 41007 ||| Stepping ~*~*~tactically~*~*~ (hiding).
 41019 | Vaults:4 | 41019 ||| Stepping ~*~*~tactically~*~*~ (stealth).
 41034 | Vaults:4 | Received a gift from Okawaru
 41048 | Vaults:4 | Paralysed by a great orb of eyes for 5 turns
 41054 | Vaults:4 | 41054 ||| DRINKING 14 potions of curing.
 41054 | Vaults:4 | 41054 ||| (to cure confusion)
 41270 | Vaults:4 | 41270 ||| Stepping ~*~*~tactically~*~*~ (hiding).
 41377 | Vaults:4 | 41377 ||| Stepping ~*~*~tactically~*~*~ (hiding).
 41405 | Vaults:4 | 41405 ||| Stepping ~*~*~tactically~*~*~ (hiding).
 41407 | Vaults:4 | 41407 ||| Stepping ~*~*~tactically~*~*~ (hiding).
 41499 | Vaults:4 | 41499 ||| Stepping ~*~*~tactically~*~*~ (hiding).
 41928 | Vaults:5 | Entered Level 5 of the Vaults
 41935 | Vaults:5 | Received a gift from Okawaru
 41942 | Vaults:5 | 41942 ||| INVOKING Heroism.
 41942 | Vaults:5 | Noticed a golden dragon
 41943 | Vaults:5 | 41943 ||| INVOKING Finesse.
 41949 | Vaults:5 | Noticed a golden dragon
 41956 | Vaults:5 | Received a gift from Okawaru
 41968 | Vaults:5 | Reached skill level 21 in Shields
 41977 | Vaults:5 | Received a gift from Okawaru
 41978 | Vaults:5 | Killed a golden dragon
 42003 | Vaults:5 | Noticed a golden dragon
 42003 | Vaults:5 | Noticed a golden dragon
 42010 | Vaults:5 | Noticed a golden dragon
 42011 | Vaults:5 | Killed a golden dragon
 42011 | Vaults:5 | Noticed a dread lich
 42014 | Vaults:5 | Reached ****** piety under Okawaru
 42019 | Vaults:5 | Reached skill level 21 in Fighting
 42026 | Vaults:5 | Killed a golden dragon
 42036 | Vaults:5 | Paralysed by something for 4 turns
 42041 | Vaults:5 | 42041 ||| INVOKING Finesse.
 42046 | Vaults:5 | Paralysed by something for 2 turns
 42047 | Vaults:5 | HP: 26/151 [golden dragon (15)]
 42048 | Vaults:5 | HP: 10/151 [tengu reaver/+0 dire flail of protection (12)]
 42048 | Vaults:5 | Annihilated by a golden dragon

Levels and vault maps discovered:
D:1:      co_arrival_random_square_maze, layout_basic,
          hellmonk_ecumenical_altar_lost_god
D:2:      layout_basic, minmay_misc_feat_tiny
D:3:      layout_loops_ring, mainiacjoe_overflow_cross_hatched,
          minmay_misc_feat_nine_boxes, uniq_robin
D:4:      layout_basic, nicolae_ashenzari_skybound, lemuel_doored_altar,
          minmay_temple_entry_mini_moons, minmay_misc_feat_more_columns,
          nicolae_shop_sticking_my_neck_out
D:5:      wad_lake_hut, layout_cave_pools, portal_sewer_entry_a, uniq_menkaure
D:6:      layout_gridville, xom_butterflies, fedhas_altar_fruit_tree,
          mainiacjoe_overflow_catwalk
D:7:      layout_loops_ring, chequers_ossuary_entry_cave, serial_rivers,
          chequers_serial_rivers_room_b, chequers_serial_rivers_micro_e,
          chequers_serial_rivers_room_b, chequers_serial_rivers_room_a,
          chequers_serial_rivers_large_b, kennysheep_generic_room_14,
          uniq_joseph
D:8:      layout_loops_ring, uniq_amaemon
D:9:      layout_loops_ring, lemuel_blue_sif_altar,
          mainiacjoe_overflow_catwalk_spiral
D:10:     layout_roguey, hellmonk_lair_entry_icy, zombieorc2_lemuel,
          kennysheep_generic_room_15, uniq_erolcha
D:11:     minmay_twisted_water, layout_irregular_city, serial_shops,
          nicolae_shop_window_shopping
D:12:     layout_basic, serial_shops, shop, uniq_nergalle, uniq_snorg
D:13:     layout_roguey, david_vaults_5, uniq_urug
D:14:     layout_rooms, serial_shops, shop, chequers_serial_rivers_micro_c,
          uniq_kirke
D:15:     hangedman_slaughterboxes
Lair:1:   layout_chaotic_city, lemuel_fruit_fields, uniq_erica, uniq_harold
Lair:2:   layout_layer_cave, serial_bayou_pond_e, lemuel_old_faithful
Lair:3:   kb_forest_paths, layout_regular_city, minmay_shoals_entry_centaurs,
          nicolae_snake_entry_warm_welcome, ice2_lemuel
Lair:4:   layout_loops_ring, slime_entry_1
Lair:5:   evilmike_catoblepas_cave, layout_regular_city,
          infiniplex_staircase_pool_2, grunt_megastairs_4, lemuel_fruit_tree
Shoals:1: layout_shoals, serial_shops, nicolae_shop_trees
Shoals:2: layout_shoals, nicolae_shoals_water_booths, uniq_aizul
Shoals:3: layout_shoals
Snake:1:  layout_layer_cave, serial_bayou, serial_bayou_lagoon_a,
          serial_bayou_ford_a, serial_bayou_pond_b, serial_bayou_pond_d
Snake:2:  nicolae_snake_shooting_gallery, layout_gridlike, minmay_shop_star
Snake:3:  layout_misc_corridors, serial_shops, shop
Snake:4:  grunt_snake_rune_pools, layout_layer_cave,
          portal_ice_cave_entry_ugly_swarm, minmay_shoptagon
Orc:1:    layout_caves
Orc:2:    st_orc_open, layout_caves, uniq_saint_roka
Vaults:1: portal_desolation_entry_nicolae_slug,
          nicolae_vaults_shipping_containers_3, nicolae_vaults_more_shelving_2,
          hangedman_vaults_restitches, ontoclasm_vaults_spin,
          nicolae_vaults_tetromino_Z_2, serial_ice_b, layout_vaults_omnigrid
Vaults:2: nicolae_vaults_taking_the_gang_shopping,
          nicolae_vaults_little_squares_1, ontoclasm_vaults_decontamination,
          door_vault, vaults_room_grid, blue_anna_dwarven_crypt, v_pattern_5,
          nicolae_vaults_hexular_roomagon, nicolae_vaults_border_crossing,
          layout_vaults_big_room, serial_shops,
          nicolae_shop_bloodbath_and_beyond, uniq_jory, uniq_margery
Vaults:3: hangedman_vaults_cutoff, v_misc_14,
          nicolae_vaults_good_morning_starshine, v_misc_27,
          nicolae_vaults_cornered_office, v_pattern_3, vaults_room_door_hall,
          vaults_standard_mumra_lines, vaults_dpeg_diagonal, v_misc_15,
          nicolae_vaults_octothorpe, vaults_room_pools,
          nicolae_vaults_tetromino_Z_1, layout_vaults_big_cross, uniq_boris
Vaults:4: advil_vaults_ghost_lines, nicolae_vaults_storage_room_glass,
          nicolae_vaults_steering_wheel, nicolae_vaults_corridor_and_loot_room,
          nicolae_vaults_diamond_2, ontoclasm_vaults_shuriken, v_misc_22,
          vaults_room_fours, nicolae_vaults_little_squares_5,
          hangedman_vaults_stretched_pinwheel, v_misc_16,
          nicolae_vaults_asterisk, nicolae_vaults_more_shelving_1,
          nicolae_vaults_storage_closets_2, nicolae_vaults_little_squares_6,
          layout_vaults_omnibox
Vaults:5: serial_shops

Skill      XL: |  1  2  3  4  5  6  7  8  9 10 11 12 13 14 15 16 17 18 19 20 21 22 |
---------------+-------------------------------------------------------------------+-----
Axes           | 2 3 4 5 6 8 9 10 12 15 16 | 16.0
Armour         | 4 6 8 9 10 12 13 15 17 19 20 21 22 | 22.0
Fighting       | 4 5 6 7 8 9 10 12 14 16 17 18 21 | 21.0
Invocations    | 2 4 6 10 | 10.1
Dodging        | 1 2 3 4 5 |  5.9
Shields        | 4 5 6 7 13 14 15 17 19 20 21 | 21.0
Throwing       | 1 3 4 5 7 9 10 | 10.1

Action                     |  1- 3 |  4- 6 |  7- 9 | 10-12 | 13-15 | 16-18 | 19-21 | 22-24 || total
---------------------------+-------+-------+-------+-------+-------+-------+-------+-------++-------
  Melee: War axe           |    76 |   171 |   402 |   701 |   725 |  1594 |  2023 |   380 ||  6072
         Demon whip        |       |       |       |       |    12 |       |       |       ||    12
  Throw: Boomerang         |       |    16 |    30 |   169 |   125 |    68 |    96 |     2 ||   506
         Javelin           |       |       |       |    35 |    71 |    77 |   117 |    26 ||   326
 Invoke: Heroism           |       |       |     8 |    18 |    25 |    39 |    22 |     1 ||   113
         Finesse           |       |       |       |     2 |     3 |     2 |     5 |     2 ||    14
    Use: Scroll            |     2 |     3 |    13 |    11 |     7 |     8 |     1 |       ||    45
         Potion            |     1 |       |     3 |       |     2 |     5 |     2 |     2 ||    15
   Stab: Petrified         |       |       |       |       |     4 |       |       |       ||     4
         Distracted        |       |       |       |       |       |     1 |       |       ||     1
 Armour: Scale mail        |    32 |    44 |       |       |       |       |       |       ||    76
         Crystal plate arm |       |    63 |   443 |   684 |   588 |  1181 |  1192 |   400 ||  4551
  Dodge: Dodged            |    31 |    52 |    92 |   210 |   147 |   355 |   323 |   129 ||  1339
  Block: Buckler           |    12 |    28 |    87 |   167 |   125 |     7 |       |       ||   426
         Kite shield       |       |       |       |       |       |  1192 |   252 |       ||  1444
         Tower shield      |       |       |       |       |       |       |  1405 |   353 ||  1758

Table legend:
 A = Non-vault XP
 B = Vault XP
 C = Vault XP percentage of total XP
 D = Non-vault monster count
 E = Vault monster count
 F = Vault count percentage of total count
                 A         B        C        D         E       F
            +---------+---------+-------+---------+---------+-------
      Total |  300970 |  367500 |  55.0 |     874 |     718 |  45.1
            +---------+---------+-------+---------+---------+-------
        D:1 |      50 |       0 |   0.0 |      14 |       0 |   0.0
        D:2 |      20 |       0 |   0.0 |      10 |       0 |   0.0
        D:3 |     154 |      38 |  19.8 |      29 |      12 |  29.3
        D:4 |     381 |       0 |   0.0 |      14 |       0 |   0.0
        D:5 |     698 |     196 |  21.9 |      18 |       9 |  33.3
        D:6 |     380 |       0 |   0.0 |      18 |       0 |   0.0
        D:7 |    1290 |     450 |  25.9 |      25 |       1 |   3.8
        D:8 |    4204 |    1199 |  22.2 |      31 |       2 |   6.1
        D:9 |    3081 |       0 |   0.0 |      36 |       0 |   0.0
       D:10 |    2149 |    2967 |  58.0 |      14 |      46 |  76.7
       D:11 |    3351 |    3825 |  53.3 |      23 |      13 |  36.1
       D:12 |    5961 |    1700 |  22.2 |      14 |       2 |  12.5
       D:13 |    1596 |    1654 |  50.9 |       6 |       2 |  25.0
       D:14 |    5145 |    1778 |  25.7 |       9 |       3 |  25.0
       D:15 |       0 |   49429 | 100.0 |       0 |      86 | 100.0
     Lair:1 |    2696 |    1696 |  38.6 |      12 |       2 |  14.3
     Lair:2 |    4740 |       0 |   0.0 |      30 |       0 |   0.0
     Lair:3 |    8410 |    9224 |  52.3 |      31 |      42 |  57.5
     Lair:4 |    7105 |       0 |   0.0 |      29 |       0 |   0.0
     Lair:5 |   10487 |   14446 |  57.9 |      31 |      31 |  50.0
   Shoals:1 |   18561 |       0 |   0.0 |      35 |       0 |   0.0
   Shoals:2 |    6599 |    4999 |  43.1 |      13 |       7 |  35.0
   Shoals:3 |   15757 |       0 |   0.0 |      28 |       0 |   0.0
    Snake:1 |   16570 |    2930 |  15.0 |      41 |       6 |  12.8
    Snake:2 |   26012 |    4714 |  15.3 |      47 |       6 |  11.3
    Snake:3 |   13946 |       0 |   0.0 |      25 |       0 |   0.0
    Snake:4 |   25280 |   31098 |  55.2 |      57 |      50 |  46.7
      Orc:1 |    2152 |       0 |   0.0 |      29 |       0 |   0.0
      Orc:2 |    2253 |   18651 |  89.2 |      28 |      49 |  63.6
   Vaults:1 |   28856 |    9309 |  24.4 |      44 |      14 |  24.1
   Vaults:2 |    8325 |   30762 |  78.7 |      13 |      36 |  73.5
   Vaults:3 |   16295 |   52117 |  76.2 |      21 |      73 |  77.7
   Vaults:4 |   24033 |   13750 |  36.4 |      32 |      16 |  33.3
   Vaults:5 |   12432 |   41814 |  77.1 |      15 |      41 |  73.2
    Abyss:2 |   22001 |       0 |   0.0 |      52 |       0 |   0.0
      Sewer |       0 |     124 | 100.0 |       0 |      25 | 100.0
 Desolation |       0 |   68630 | 100.0 |       0 |     144 | 100.0
            +---------+---------+-------+---------+---------+-------
